Cogmind - Beta 15 @@@ ROGUE MODE // 2025.08.14 @ 17:48:00 Player: Klevski Result: Destroyed by S-43 Plague with Heavy Machine Gun Performance ------------- Evolutions (9) 4500 Regions Visited (30) 6000 Robots Destroyed (334) 1670 Value Destroyed (21607) 21607 Prototype IDs (45) 900 Alien Tech Used (0) 0 Bonus (17127) 17127 TOTAL SCORE: 51804 Bonus ------- High Alert Combat Kills 2590 Follower Combat Kills 5878 Entered Garrisons 2200 Used RIF Installer 6500 Aligned with FarCom 300 Friendly Fire -341 Cogmind --------- Core Integrity 0/1600 Matter 202/300 Energy 99/100 System Corruption 31% Temperature Cool (0) Movement Core (50) Location -1/Access Parts ------- > --- POWER (1) -------- (None) > --- PROPULSION (6) --- (None) > --- UTILITY (13) ----- (None) > --- WEAPON (5) ------- (None) > --- INVENTORY (5) ---- Advanced Heavy Siege Treads High-density Centrium Heavy Treads Advanced Actuator Array Peak State ------------ > --- POWER ------------ Improved Quantum Reactor > --- PROPULSION ------- Experimental Biometal Heavy Treads High-density Centrium Heavy Treads High-density Centrium Heavy Treads > --- UTILITY ---------- Improved Cryofiber Web Cargo Storage Unit Spectral Analyzer Improved Armor Integrity Analyzer Advanced Powered Armor Advanced Powered Armor Improved System Shield Relay Coupler [NC] Relay Coupler [C] Relay Coupler [Cutter] Relay Coupler [Sentry] Relay Coupler [Hunter] > --- WEAPON ----------- Heavy Wave Gun Heavy Wave Gun Enhanced Nova Cannon Enhanced Nova Cannon Enhanced Hardcell Cannon > --- INVENTORY -------- Improved Quantum Reactor Improved Quantum Reactor Improved Heavy Siege Treads Advanced Heavy Siege Treads High-density Centrium Heavy Treads High-density Centrium Heavy Treads High-density Centrium Heavy Treads High-density Centrium Wheel Relay Coupler [NC] Relay Coupler [NC] Relay Coupler [Demolisher] Relay Coupler [Specialist] Relay Coupler [Proto] Relay Coupler [Proto] Relay Coupler [Proto] Relay Coupler [Proto] Relay Coupler [Proto] Heavy Wave Gun AWS/Autocannon Advanced Micro-nuke Launcher Advanced Remote Datajack Advanced Remote Datajack Advanced Remote Datajack [Rating: 203] Favorites ----------- Power Improved Deuterium Engine Engine Improved Deuterium Engine Power Core Enhanced Fission Core Reactor Improved Quantum Reactor Propulsion Light Treads Treads Light Treads Wheel Armored Huge Wheel Utility Cargo Storage Unit Device Improved Cryofiber Web Storage Cargo Storage Unit Processor Advanced Targeting Computer Hackware Relay Coupler [NC] Protection Improved Medium Armor Plating Weapon Enhanced Hardcell Cannon Energy Gun Beam Rifle Energy Cannon Enhanced Nova Cannon Ballistic Gun Assault Rifle Ballistic Cannon Enhanced Hardcell Cannon Launcher Improved Grenade Launcher Special Weapon Improved Remote Datajack Impact Weapon Impact Mace Slashing Weapon Ripper Special Melee Weapon Improved Datajack Build | -11 -10 -10 -10 -9 -8 -8 -8 -8 -7 -7 -7 -7 -7 -6 -6 -5 -5 -5 -5 -4 -4 -4 -4 -3 -3 -2 -2 -1 -1 -1 ------- Run | Yrd Mat Min Exi Min Mat Gar Mat Gar Fac Gar Fac Low Low Fac Gar Fac Gar Fac Gar Fac Gar Fac Gar Res Gar Res Gar Acc Gar Acc Slots Evolved 18 | . . . . . 4 . . . 2 . . . . 2 . 2 . . . 2 . . . 2 . 2 . 2 . . Power . | . . . . . . . . . . . . . . . . . . . . . . . . . . . . . . . Propulsion 4 | . . . . . 1 . . . . . . . . 1 . . . . . 2 . . . . . . . . . . Utility 11 | . . . . . 2 . . . 2 . . . . 1 . 1 . . . . . . . 2 . 2 . 1 . . Weapon 3 | . . . . . 1 . . . . . . . . . . 1 . . . . . . . . . . . 1 . . Parts Attached 259 | 6 7 7 . 1 20 8 20 9 6 3 21 1 . 6 16 14 14 . 6 3 9 2 15 1 5 13 5 1 4 36 Power 20 | 1 1 2 . . . 1 1 1 1 . 2 . . . 1 1 1 . . 1 . . 1 . . 2 . . . 3 Engine 10 | 1 1 2 . . . 1 1 1 1 . 2 . . . . . . . . . . . . . . . . . . . Core 1 | . . . . . . . . . . . . . . . . 1 . . . . . . . . . . . . . . Reactor 9 | . . . . . . . . . . . . . . . 1 . 1 . . 1 . . 1 . . 2 . . . 3 Propulsion 44 | 2 . 2 . . 4 1 7 2 1 1 4 . . 1 5 1 1 . 1 1 1 . 2 . . 2 . . 1 4 Treads 40 | 2 . 2 . . 3 1 7 2 1 1 1 . . 1 5 1 1 . 1 1 1 . 2 . . 2 . . 1 4 Leg . | . . . . . . . . . . . . . . . . . . . . . . . . . . . . . . . Wheel 4 | . . . . . 1 . . . . . 3 . . . . . . . . . . . . . . . . . . . Hover . | . . . . . . . . . . . . . . . . . . . . . . . . . . . . . . . Flight . | . . . . . . . . . . . . . . . . . . . . . . . . . . . . . . . Utility 119 | . 5 1 . . 7 4 6 3 4 2 6 1 . 2 9 7 8 . 2 1 7 1 9 1 5 7 4 1 3 13 Device 21 | . 1 1 . . 2 1 1 . 1 1 3 . . 1 1 1 . . . . 2 . 1 . . 1 . . . 3 Storage 6 | . 2 . . . . . 1 . 1 1 . . . . 1 . . . . . . . . . . . . . . . Processor 13 | . . . . . 1 1 2 . 1 . . . . . . . . . . . . . . . . 3 . . . 5 Hackware 56 | . . . . . . . 2 2 . . 3 . . 1 6 4 6 . 2 1 3 . 7 1 5 3 4 1 2 3 Protection 23 | . 2 . . . 4 2 . 1 1 . . 1 . . 1 2 2 . . . 2 1 1 . . . . . 1 2 Artifact . | . . . . . . . . . . . . . . . . . . . . . . . . . . . . . . . Weapon 76 | 3 1 2 . 1 9 2 6 3 . . 9 . . 3 1 5 4 . 3 . 1 1 3 . . 2 1 . . 16 Energy Gun 16 | 2 . 2 . . 3 2 . . . . . . . 2 . 1 . . . . . . . . . . . . . 4 Energy Cannon 18 | . . . . . 2 . 4 1 . . 3 . . 1 . 1 1 . 1 . 1 . 2 . . . . . . 1 Ballistic Gun 7 | 1 . . . . 2 . . . . . . . . . . . . . . . . . . . . . . . . 4 Ballistic Cannon 12 | . . . . . . . 1 . . . . . . . . 1 3 . 2 . . . 1 . . . 1 . . 3 Launcher 8 | . 1 . . 1 . . . 1 . . 2 . . . . . . . . . . 1 . . . 1 . . . 1 Special Weapon 8 | . . . . . . . . 1 . . 1 . . . 1 2 . . . . . . . . . 1 . . . 2 Impact Weapon 1 | . . . . . . . 1 . . . . . . . . . . . . . . . . . . . . . . . Slashing Weapon 1 | . . . . . 1 . . . . . . . . . . . . . . . . . . . . . . . . . Piercing Weapon . | . . . . . . . . . . . . . . . . . . . . . . . . . . . . . . . Special Melee Weapon 5 | . . . . . 1 . . . . . 3 . . . . . . . . . . . . . . . . . . 1 Unidentified Prototypes 13 | . . 1 . . 1 . 1 . 1 1 . . . 2 . 1 . . . . . . . . . 4 . . . 1 Parts Lost 64 | . . . . . . 1 . 4 . . 2 1 . 1 4 3 . . 1 . 4 . . . 3 2 2 . 2 34 Power 4 | . . . . . . . . 1 . . 1 . . . . . . . . . . . . . . . . . . 2 Propulsion 8 | . . . . . . . . 1 . . . . . . . . . . . . . . . . . . . . 1 6 Utility 28 | . . . . . . . . 2 . . . 1 . . 3 2 . . 1 . 3 . . . 1 1 1 . 1 12 Weapon 24 | . . . . . . 1 . . . . 1 . . 1 1 1 . . . . 1 . . . 2 1 1 . . 14 Highest Loss Streak 9 | . . . . . . 1 . 2 . . 1 1 . 1 2 1 . . 1 . 4 . . . 2 1 1 . 2 9 To Critical Strikes 1 | . . . . . . . . . . . . . . . . . . . . . . . . . . . . . . 1 Average Backups 19 | 2 13 15 13 13 12 12 12 12 12 14 22 20 20 20 24 24 23 25 25 24 23 24 24 23 22 24 24 24 21 19 Power . | . 1 . . . . . 1 . . 1 . . . . . 1 1 1 1 . . 1 . 1 1 1 2 2 2 1 Propulsion 2 | 1 2 2 2 2 1 . . 1 1 1 3 3 3 1 1 . 1 2 2 1 2 3 3 2 3 3 4 4 3 4 Utility 9 | . 6 8 6 6 6 8 6 5 6 7 11 11 11 11 12 11 10 12 11 11 10 11 14 13 12 15 14 14 12 8 Weapon 4 | . 3 3 5 5 4 2 3 3 3 3 5 4 4 5 7 8 7 7 7 7 7 6 4 3 3 3 3 3 2 2 Tool/Special . | . . . . . . . . . . . . . . . . . . . . . . . . . . . . . . . Unused Backups 77 | 2 5 2 2 . 7 1 4 3 . 1 1 . . 1 8 1 6 . . . 2 1 7 2 1 3 3 . . 14 Power 5 | . . 1 . . . . 1 . . . . . . . . . 1 . . . . . . . . 1 . . . 1 Propulsion 12 | 1 2 . . . . . . . . 1 . . . . . . . . . . . . 1 2 . 1 . . . 4 Utility 46 | 1 2 . 2 . 5 1 . 3 . . 1 . . . 7 . 3 . . . 2 1 6 . 1 . 3 . . 8 Weapon 12 | . 1 1 . . 2 . 3 . . . . . . 1 1 1 2 . . . . . . . . . . . . . Tool/Special 2 | . . . . . . . . . . . . . . . . . . . . . . . . . . 1 . . . 1 Average Slot Usage (%) 85 | . 98 99 100 100 95 99 99 100 99 86 83 83 77 75 77 69 80 82 74 78 74 78 77 77 73 78 80 75 79 71 Engine 4 | . 14 14 14 14 9 9 9 9 6 7 7 7 7 6 2 . . . . . . . . . . . . . . . Reactor 1 | . . . . . . . . . . . . . . . 3 1 4 5 5 5 5 5 5 4 4 4 4 4 4 3 Treads 16 | . 28 27 28 28 25 27 27 27 23 16 7 7 7 12 12 11 11 11 11 15 15 15 15 14 14 13 13 12 12 10 Device 6 | . 1 5 14 14 9 11 9 7 7 6 . . . 4 5 3 5 5 5 5 9 10 5 7 9 8 8 8 8 5 Storage 7 | . 13 14 14 14 9 9 9 9 7 7 7 7 7 6 6 5 5 5 5 5 5 5 5 4 4 4 4 4 4 3 Processor 4 | . . . . . 4 9 2 9 14 9 7 7 7 6 6 . . . . . . . . . . 4 4 4 4 7 Hackware 13 | . . . . . . . 8 2 7 7 18 15 15 14 14 23 21 23 23 21 15 15 20 21 19 23 25 27 27 20 Protection 5 | . 12 8 . . 12 6 6 8 7 6 3 7 7 2 3 5 5 5 4 4 4 5 4 4 4 4 4 4 4 4 Energy Gun 2 | . 9 11 28 21 12 . . . . . . . . 2 . 4 . . . . . . . . . . . . . 2 Energy Cannon 7 | . . . . . 5 18 19 22 14 7 4 6 7 9 7 . 4 5 2 10 7 9 5 4 4 4 4 4 4 3 Ballistic Gun 1 | . 14 13 . . 3 1 . . . . . . . . . . . . . . . . . . . . . . . 3 Ballistic Cannon 2 | . . . . . . . 6 . . . . . . . . . 11 11 6 5 4 5 5 4 4 4 6 4 7 2 Launcher 1 | . 4 3 . 6 1 5 . 2 4 7 2 7 1 . . . . . . . . . 3 4 1 1 . . . 1 Special Weapon 2 | . . . . . . . . 1 . . 4 . . . 4 2 5 5 2 5 2 4 4 4 4 4 4 4 4 2 Impact Weapon 1 | . . . . . . . . 1 3 7 6 7 7 6 2 1 . . 2 . . . . . . . . . . . Peak Build Rating 203 | 5 8 18 21 21 34 37 37 40 47 59 60 55 54 80 88 107 116 114 120 136 136 138 145 156 156 178 178 173 180 203 Average Rating 84 | 4 7 10 19 21 28 33 34 38 45 56 54 54 50 75 82 102 111 113 116 133 127 136 134 152 146 166 175 172 175 168 On Entrance 84 | . 5 8 18 21 21 34 35 37 38 47 59 51 54 51 76 87 89 114 114 117 133 136 131 145 156 146 178 169 173 176 Naked Turns 187 | . . . . . . . . . . . . . . . . . . . . . . . . . . . . . . 187 Heaviest Build 242 | 9 33 41 41 42 51 53 56 53 53 172 172 187 187 189 198 188 218 211 232 206 206 209 221 223 223 215 219 206 219 242 Greatest Support 265 | 40 40 40 40 40 60 60 63 65 62 95 95 28 28 150 150 135 150 150 150 210 210 205 225 225 225 235 225 225 225 265 Greatest Overweight (x) 6 | . . 1 1 1 3 . . . . 2 6 6 6 1 1 1 2 1 1 . 1 1 1 . 1 . . . . 2 Average Overweight (x) . | . . . 1 1 . . . . . . 5 5 6 1 1 1 1 1 1 . . . . . . . . . . . Largest Inventory Capacity 30 | 5 15 15 15 15 15 15 15 15 15 30 30 30 30 30 30 30 30 30 30 30 30 30 30 30 30 30 30 30 30 30 Average Capacity 24 | 5 14 15 15 15 15 15 15 15 15 26 30 30 30 30 30 30 30 30 30 30 30 30 30 30 30 30 30 30 30 27 Most Carried 30 | 5 15 15 15 15 15 15 15 15 15 24 30 29 28 29 30 30 30 30 30 29 30 30 30 29 30 30 30 30 30 30 Average Carried 23 | 3 13 14 14 15 14 14 14 14 14 19 29 27 27 25 29 28 28 30 29 28 28 29 29 27 27 29 29 29 25 24 Final Capacity 30 | 5 15 15 15 15 15 15 15 15 15 30 30 30 30 30 30 30 30 30 30 30 30 30 30 30 30 30 30 30 30 5 Final Carried 30 | 5 15 15 15 15 15 15 15 15 15 24 29 27 28 27 30 26 30 30 30 28 30 30 29 28 30 30 29 30 25 5 Class Distribution -------------------- 38% | Botlord-Tank 13% | Botlord-Mutant 11% | Bothacker-Mutant 10% | Mutant 9% | Skirmisher 6% | Scavenger-Mutant 4% | Scavenger-Skirmisher Dominant Class ---------------- Mutant | -10/Materials Mutant | -10/Mines Scavenger-Mutant | -10/Exiles Scavenger-Mutant | -9/Mines Scavenger-Mutant | -8/Materials Scavenger-Skirmisher | -8/Garrison Skirmisher | -8/Materials Skirmisher | -8/Garrison Bothacker-Gunner | -7/Factory Bothacker-Mutant | -7/Garrison Botlord-Mutant | -7/Factory Bothacker-Mutant | -7/Lower Caves Bothacker-Mutant | -7/Lower Caves Bothacker-Mutant | -6/Factory Botlord-Mutant | -6/Garrison Botlord-Tank | -5/Factory Botlord-Tank | -5/Garrison Botlord-Tank | -5/Factory Botlord-Tank | -5/Garrison Botlord-Tank | -4/Factory Botlord-Tank | -4/Garrison Botlord-Tank | -4/Factory Botlord-Tank | -4/Garrison Botlord-Tank | -3/Research Botlord-Tank | -3/Garrison Botlord-Tank | -2/Research Botlord-Tank | -2/Garrison Botlord-Tank | -1/Access Botlord-Tank | -1/Garrison Botlord-Tank | -1/Access Resources | -11 -10 -10 -10 -9 -8 -8 -8 -8 -7 -7 -7 -7 -7 -6 -6 -5 -5 -5 -5 -4 -4 -4 -4 -3 -3 -2 -2 -1 -1 -1 ----------- Run | Yrd Mat Min Exi Min Mat Gar Mat Gar Fac Gar Fac Low Low Fac Gar Fac Gar Fac Gar Fac Gar Fac Gar Res Gar Res Gar Acc Gar Acc Matter Collected 10268 | 259 340 107 24 10 334 347 540 372 14 253 627 116 21 85 558 238 534 . 456 . 488 31 474 62 395 103 730 . 549 2201 Remotely . | . . . . . . . . . . . . . . . . . . . . . . . . . . . . . . . Salvage Created 14896 | . 586 198 . . 672 832 1405 851 58 699 1040 57 . 281 1562 372 361 . 638 . 534 155 204 . 76 88 524 . 417 3286 Parts 719 | . 31 9 . . 34 59 83 54 12 19 57 4 . 15 66 24 4 . 20 . 23 7 12 . 3 2 21 . 23 137 Haulers Intercepted 11 | . 2 . . . 2 . 5 . . . . . . . . . . . . . . 1 . . . 1 . . . . Recyclers Shooed 8 | . . . . . . . 1 . . . . . . . . 1 . . . . . . . . . . . . . 6 Parts Field Recycled . | . . . . . . . . . . . . . . . . . . . . . . . . . . . . . . . Retrieved Matter . | . . . . . . . . . . . . . . . . . . . . . . . . . . . . . . . Parts Self-Destructed 7 | . . . . . . . . . . . . 7 . . . . . . . . . . . . . . . . . . Prevented 3 | . . . . . . . . . . . . 3 . . . . . . . . . . . . . . . . . . Kills | -11 -10 -10 -10 -9 -8 -8 -8 -8 -7 -7 -7 -7 -7 -6 -6 -5 -5 -5 -5 -4 -4 -4 -4 -3 -3 -2 -2 -1 -1 -1 ------- Run | Yrd Mat Min Exi Min Mat Gar Mat Gar Fac Gar Fac Low Low Fac Gar Fac Gar Fac Gar Fac Gar Fac Gar Res Gar Res Gar Acc Gar Acc Combat Hostiles Destroyed 275 | . 9 4 . . 13 26 23 29 4 . 22 7 . 4 18 9 8 . 17 . 11 1 4 . 1 . 6 . 10 49 Melee 2 | . . . . . . . . . . . . . . . 1 . . . 1 . . . . . . . . . . . Guns 48 | . 9 4 . . 11 . . . . . . . . . 1 6 . . . . . . . . . . . . . 17 Cannons 154 | . . . . . . 17 22 17 . . 11 . . 4 8 3 7 . 15 . 10 . 4 . 1 . 6 . 8 21 AOE 61 | . . . . . 2 9 1 11 4 . 11 7 . . 5 . 1 . 1 . . . . . . . . . 1 8 Classes Destroyed 21 | . 5 1 . . 3 2 2 1 . . 1 . . 1 1 . . . 1 . . . 1 . . . . . . 2 Worker 10 | . . . . . . . 1 . . . 2 . . . . 2 . . . . . . . . . . . . . 5 Builder 8 | . . . . . 1 . 1 . 2 . 1 . . . . . . . . . . . . . . . . . . 3 Tunneler 3 | . . . . . 1 . . . 1 . . . . . . 1 . . . . . . . . . . . . . . Hauler 11 | . 2 . . . 2 . 5 . . . . . . . . . . . . . . 1 . . . 1 . . . . Recycler 6 | . 1 . . . . . 1 . . . 1 . . . . . . . . . . . . . . . . . . 3 Mechanic 1 | . . . . . . . . . . . 1 . . . . . . . . . . . . . . . . . . . Operator 2 | . . . . . 1 . 1 . . . . . . . . . . . . . . . . . . . . . . . Watcher 10 | . 3 . . . 1 . 2 . . . . . . 1 2 . . . . . . . . . . . . . . 1 Swarmer 67 | . 3 . . . 4 8 4 10 4 . 5 7 . . . 5 2 . 1 . 4 . . . . . . . 9 1 Cutter 4 | . . . . . . . . . . . . . . . . . . . . . . . 1 . . . . . . 3 Saboteur 2 | . . . . . . . . . . . . . . . . . . . 2 . . . . . . . . . . . Grunt 90 | . 6 2 . . 8 11 9 7 . . 5 . . . 9 . 2 . 6 . 4 1 1 . 1 . 4 . 1 13 Brawler 3 | . . . . . . . 1 . . . . . . . 1 . . . . . . . . . . . . . . 1 Duelist 6 | . . . . . . 2 1 . . . 1 . . . 1 . 1 . . . . . . . . . . . . . Protector 1 | . . . . . . . . . . . . . . . . . . . . . . . . . . . . . . 1 Sentry 34 | . . 2 . . 1 2 8 4 . . 5 . . 1 . 1 3 . 3 . 2 . . . . . . . . 2 Specialist 3 | . . . . . . . . . . . . . . 1 2 . . . . . . . . . . . . . . . Hunter 14 | . . . . . . . . 2 . . 2 . . . 1 1 . . . . . . . . . . . . 1 7 Programmer 51 | . . . . . . 3 . 6 . . 5 . . 2 3 2 . . 5 . . . 2 . 1 . 3 . . 19 Heavy 2 | . . . . . . . . . . . . . . . . . . . . . . . . . . . . . . 2 Behemoth 5 | . . . . . . . . . . . . . . . 2 . 2 . . . 1 . . . . . . . . . Thug 1 | . . . . . . . . . . . 1 . . . . . . . . . . . . . . . . . . . Best Kill Streak 9 | . 4 2 . . 5 6 4 7 6 . 7 7 . 1 6 4 3 . 7 . 2 1 2 . 1 1 2 . 5 9 Combat Bots Only 7 | . 4 2 . . 4 6 2 7 4 . 4 7 . 1 6 4 3 . 7 . 2 1 2 . 1 . 2 . 5 6 Max Kills in Single Turn 8 | . 1 1 . . 3 3 2 3 2 . 8 4 . 1 2 1 1 . 2 . 1 1 1 . 1 1 1 . 2 3 Gunslinging . | . . . . . . . . . . . . . . . . . . . . . . . . . . . . . . . Exploded 4 | . . . . . 2 3 1 3 2 . 4 4 . . 2 . 1 . 1 . . . . . . . . . 1 2 Melee 1 | . . . . . . . . . . . . . . . 1 . . . 1 . . . . . . . . . . . Uniques/NPCs Destroyed . | . . . . . . . . . . . . . . . . . . . . . . . . . . . . . . . Combat | -11 -10 -10 -10 -9 -8 -8 -8 -8 -7 -7 -7 -7 -7 -6 -6 -5 -5 -5 -5 -4 -4 -4 -4 -3 -3 -2 -2 -1 -1 -1 -------- Run | Yrd Mat Min Exi Min Mat Gar Mat Gar Fac Gar Fac Low Low Fac Gar Fac Gar Fac Gar Fac Gar Fac Gar Res Gar Res Gar Acc Gar Acc Hostile Shots Fired 1840 | . 51 29 . . 45 56 55 145 24 . 164 14 1 58 102 81 58 . 65 . 91 4 34 . 56 4 54 . 79 570 Missed 547 | . 16 5 . . 17 15 20 43 6 . 60 5 . 18 27 25 18 . 17 . 19 1 11 . 15 1 14 . 21 173 Hits 1293 | . 35 24 . . 28 41 35 102 18 . 104 9 1 40 75 56 40 . 48 . 72 3 23 . 41 3 40 . 58 397 Melee 18 | . . . . . . . . . . . . . 1 . 4 . . . 1 . . . 2 . . . . . . 10 Projectile 1275 | . 35 24 . . 28 41 35 102 18 . 104 9 . 40 71 56 40 . 47 . 72 3 21 . 41 3 40 . 58 387 AOE 5 | . . . . . . . . . . . 1 . . . . 1 . . . . . . 2 . . . . . . 1 Critical Strikes 65 | . 1 1 . . . 2 3 5 . . 1 . . 1 2 2 1 . 2 . 6 . 2 . 5 . 4 . 1 26 Part Disruptions 5 | . . . . . . . . 1 . . . . . . . . . . . . . . . . 1 . . . . 3 Damage Taken 27584 | . 393 375 . . 440 735 523 1503 266 . 1402 106 . 557 1699 1069 840 . 874 . 1779 61 496 . 1278 242 1222 . 1220 10504 Core 2985 | . 68 25 . . 45 59 76 160 15 . 195 9 . 41 144 53 73 . 50 . 179 . 43 . 17 49 66 . 97 1521 Absorbed by Shields 160 | . . . . . . . . . . . . . . . 6 . 27 . . . 32 . 72 . . . 23 . . . Reduced by Siege Mode 890 | . . . . . . . . . . . . . . 47 67 . . . 62 . 53 . . . 50 . 63 . 76 472 Redirected to Shielding 122 | . . . . . . . . . . . . . . . . . . . . . 122 . . . . . . . . . Ignored by Resistances 357 | . . . . . . . . . . . . 32 . 190 28 15 50 . 42 . . . . . . . . . . . Regen/Repaired (Parts) 66 | . . . . . 48 . 18 . . . . . . . . . . . . . . . . . . . . . . . Core Remaining (%) 77 | 100 . . . 62 . . . 38 . . . . 68 . 78 . . . 82 . . . 80 . 98 . 92 . . . Volleys Fired 1201 | . 53 13 . . 34 41 84 88 6 24 64 2 . 27 110 16 57 1 24 4 47 9 34 6 45 19 77 6 54 256 Largest 5 | . 2 2 . . 3 3 3 3 1 1 2 1 . 2 3 1 3 1 3 1 3 2 2 1 3 2 3 1 3 5 Hottest 348 | . 70 70 . . 145 153 204 204 36 68 149 39 . 110 160 105 236 120 236 120 298 240 178 7 227 178 236 10 236 348 Shots Fired 2021 | . 103 26 . . 94 92 208 178 6 24 71 2 . 33 144 47 86 1 57 4 82 13 42 6 58 22 91 6 72 453 Gun 488 | . 102 26 . . 86 10 . . . . . . . . 11 31 . . . . . . . . . . . . . 222 Cannon 1219 | . . . . . 6 69 208 161 . 24 51 . . 33 113 6 72 1 45 1 68 10 22 . 29 14 59 . 49 178 Launcher 71 | . 1 . . . 2 13 . 11 6 . 10 2 . . 9 . . . . . . . . . 4 . . . . 13 Special 243 | . . . . . . . . 6 . . 10 . . . 11 10 14 . 12 3 14 3 20 6 25 8 32 6 23 40 Kinetic 546 | . 53 13 . . 28 10 50 . . . . . . . . 1 47 . 34 . 24 . 8 . 11 5 14 . 25 223 Thermal 1109 | . 49 13 . . 54 69 158 161 . 24 30 . . 24 113 36 25 1 11 1 44 10 14 . 18 9 45 . 24 176 Explosive 71 | . 1 . . . 2 13 . 11 6 . 10 2 . . 9 . . . . . . . . . 4 . . . . 13 Electromagnetic 52 | . . . . . 10 . . . . . 21 . . 9 11 . . . . . . . . . . . . . . 1 Robot Hit Streak 53 | . 14 9 . . 6 5 22 24 . 13 20 5 . 8 53 5 9 . 11 6 12 7 18 2 17 5 22 1 8 22 Robot Miss Streak 11 | . 4 2 . . 3 6 4 3 . 1 3 . . 3 3 11 2 . 2 . 3 1 4 2 3 2 2 1 6 5 Penetration Max . | . . . . . . . . . . . . . . . . . . . . . . . . . . . . . . . Secondary Targets 7 | . 1 . . . 1 . . . . . . . . . . . . . . . . . . . . . . . . 5 Max Gunslinging Chain 1 | . 1 . . . 1 . . . . . . . . . . . . . . . . . . . . . . . . 1 Autonomous 56 | . . . . . . . . . . . . . . . . 32 . . 24 . . . . . . . . . . . Shots Hit Robots 1325 | . 65 19 . . 59 41 123 94 1 22 58 2 . 24 124 29 56 . 42 3 87 8 35 3 39 11 60 3 48 269 Core Hits 546 | . 27 9 . . 28 41 42 49 9 11 40 6 . 7 55 16 19 . 11 . 14 1 6 . 17 1 11 . 14 112 Critical Kills 10 | . 1 . . . . . . . . 1 . . . . . . . . . . 1 1 . . . . . . 1 5 Critical Parts Destroyed 12 | . . . . . . . . . 1 1 . . . . 2 . . . . . . . . . . . . . . 8 Critical Strikes 51 | . 4 2 . . 2 . 2 . 1 2 . . . . 2 . 4 . 6 . 3 1 1 . 1 . . . 3 17 Burn 7 | . 3 2 . . 2 . . . . . . . . . . . . . . . . . . . . . . . . . Meltdown 4 | . . . . . . . . . . . . . . . . . . . . . 1 1 . . . . . . 1 1 Destroy 13 | . 1 . . . . . . . . . . . . . . . . . . . . . . . . . . . . 12 Blast 22 | . . . . . . . 2 . . . . . . . . . 4 . 6 . 2 . 1 . 1 . . . 2 4 Smash 5 | . . . . . . . . . 1 2 . . . . 2 . . . . . . . . . . . . . . . Melee Attacks 135 | . . . . . 4 1 2 7 5 6 33 . 1 12 14 6 . . 4 . 32 . 7 . . 1 . . . . Impact 81 | . . . . . . . . 7 5 6 29 . 1 12 11 6 . . 4 . . . . . . . . . . . Slashing 4 | . . . . . 3 1 . . . . . . . . . . . . . . . . . . . . . . . . Piercing . | . . . . . . . . . . . . . . . . . . . . . . . . . . . . . . . Sneak Attacks 47 | . . . . . 1 . 1 . 1 . 2 . . . 4 1 . . . . 29 . 7 . . 1 . . . . Combat Hostiles 1 | . . . . . . . . . . . . . . . 1 . . . . . . . . . . . . . . . Follow-up Attacks . | . . . . . . . . . . . . . . . . . . . . . . . . . . . . . . . Damage Inflicted 44905 | . 849 233 . . 1203 1767 3100 3065 634 893 3122 625 . 660 4036 1150 1942 . 2420 . 2083 208 630 . 1718 329 1940 . 1571 10727 Guns 6404 | . 849 233 . . 877 15 . . . . . . . . 170 736 . . . . . . . . . . . . . 3524 Cannons 27806 | . . . . . 114 960 2870 2014 . 352 1119 . . 631 2500 197 1942 . 2397 . 2083 208 630 . 886 329 1940 . 1571 5063 Explosions 9242 | . . . . . 212 792 230 1051 488 . 1815 625 . . 967 101 . . . . . . . . 832 . . . . 2129 Melee 1442 | . . . . . . . . . 146 541 188 . . 29 399 116 . . 23 . . . . . . . . . . . Ramming 11 | . . . . . . . . . . . . . . . . . . . . . . . . . . . . . . 11 Kinetic 12544 | . 439 121 . . 274 15 660 . . . . . . . . 52 1454 . 2200 . 571 . 319 . 447 103 453 . 1062 4374 Thermal 21145 | . 410 112 . . 647 960 2440 2014 . 352 686 . . 457 2500 982 488 . 197 . 1512 208 311 . 439 226 1487 . 509 4208 Explosive 8795 | . . . . . 212 792 . 1051 488 . 1815 625 . . 967 . . . . . . . . . 832 . . . . 2013 Electromagnetic 968 | . . . . . 70 . . . . . 433 . . 174 170 . . . . . . . . . . . . . . 121 Impact 1442 | . . . . . . . . . 146 541 188 . . 29 399 116 . . 23 . . . . . . . . . . . Slashing . | . . . . . . . . . . . . . . . . . . . . . . . . . . . . . . . Piercing . | . . . . . . . . . . . . . . . . . . . . . . . . . . . . . . . Highest Corruption 31 | . . . . . . 1 . 7 . . 8 8 8 . 3 . . 1 7 . . . . . . 4 7 . . 31 Average Corruption 6 | . . . . . . 1 . 5 . . 4 8 8 . 2 . . 1 5 . . . . . . 4 5 . . 15 Corruption Purged 1 | . . . . . . 1 . . . . . . . . . . . . . . . . . . . . . . . . Corruption Blocked . | . . . . . . . . . . . . . . . . . . . . . . . . . . . . . . . Effects 311 | . . . . . . 2 . 28 . . 74 13 2 . 23 . . 1 17 . . . . . . 7 32 . . 112 Message Errors 58 | . . . . . . . . 7 . . 15 2 1 . 2 . . . 3 . . . . . . . 5 . . 23 Matter Fused 89 | . . . . . . 1 . 5 . . 23 4 . . 9 . . . 9 . . . . . . 2 11 . . 25 Heat Flow Errors 32 | . . . . . . . . 4 . . 7 2 . . 3 . . . . . . . . . . 2 4 . . 10 Energy Discharges 30 | . . . . . . . . 2 . . 8 . . . 3 . . . 1 . . . . . . 1 6 . . 9 Parts Rejected 3 | . . . . . . . . . . . . . . . . . . . . . . . . . . 1 1 . . 1 Parts Fused 4 | . . . . . . . . . . . 1 1 . . . . . . . . . . . . . . . . . 2 Data Loss (minor) 34 | . . . . . . . . 5 . . 10 1 . . 2 . . . 3 . . . . . . . . . . 13 Data Loss (major) 18 | . . . . . . . . 1 . . 4 1 . . 1 . . 1 . . . . . . . 1 4 . . 5 Misfires 11 | . . . . . . 1 . 1 . . 2 . . . 2 . . . . . . . . . . . 1 . . 4 Alerts 12 | . . . . . . . . . . . 4 2 1 . 1 . . . . . . . . . . . . . . 4 Misdirections 4 | . . . . . . . . . . . . . . . . . . . . . . . . . . . . . . 4 Weapon Failures 16 | . . . . . . . . 3 . . . . . . . . . . 1 . . . . . . . . . . 12 Overload Shots . | . . . . . . . . . . . . . . . . . . . . . . . . . . . . . . . Overflow Damage 2449 | . . . . . 19 54 98 116 190 232 218 95 . . 207 28 43 . 472 . 9 . 9 . . 51 81 . 21 506 Projectiles 1370 | . . . . . . . 98 45 . . 35 . . . 9 28 43 . 472 . 9 . 9 . . 51 81 . 21 469 Explosions 405 | . . . . . 19 54 . 71 44 . 65 95 . . 20 . . . . . . . . . . . . . . 37 Melee 674 | . . . . . . . . . 146 232 118 . . . 178 . . . . . . . . . . . . . . . Knockbacks 40 | . . . . . . . 2 . . 1 2 . . . 2 . . . 10 . . . 3 . . 3 2 . 5 10 Impact 5 | . . . . . . . . . . 1 2 . . . 2 . . . . . . . . . . . . . . . Kinetic 29 | . . . . . . . 2 . . . . . . . . . . . 7 . . . 3 . . 2 2 . 4 9 Secondary 6 | . . . . . . . . . . . . . . . . . . . 3 . . . . . . 1 . . 1 1 Self-Inflicted Damage 675 | . . . . . . 158 . . . . 155 . . . 61 25 . . . . . . . . . . . . . 276 Shots 16 | . . . . . . 6 . . . . 3 . . . 1 1 . . . . . . . . . . . . . 5 Rammed 5 | . . . . . . . . . . . . . . . . . . . . . . . . . . . . . . 5 Targets Rammed 5 | . . . . . . . . . . . . . . . . . . . . . . . . . . . . . . 5 Kicked . | . . . . . . . . . . . . . . . . . . . . . . . . . . . . . . . Crushed . | . . . . . . . . . . . . . . . . . . . . . . . . . . . . . . . Highest Temperature 505 | . 219 225 . . 403 103 273 312 . . 249 193 . 327 238 425 468 . 370 . 505 . 36 . . . 284 . . 421 Average Temperature 102 | . 56 90 . . 148 25 35 111 . . 64 87 . 155 48 127 189 . 175 . 170 . 18 . . . 183 . . 125 Received Heat Transfer 4166 | . 153 162 . . 207 180 306 351 . . 192 . . 12 276 54 135 . 243 . 566 . 47 . 224 36 518 . 36 468 Effects 12 | . . . . . 1 . . 2 . . 1 . . 2 . 1 1 . 1 . 2 . . . . . . . . 1 Shutdowns 1 | . . . . . 1 . . . . . . . . . . . . . . . . . . . . . . . . . Energy Bleed 4 | . . . . . . . . 1 . . . . . . . . 1 . . . 1 . . . . . . . . 1 Interference 4 | . . . . . . . . . . . 1 . . 2 . . . . 1 . . . . . . . . . . . Matter Decay 1 | . . . . . . . . 1 . . . . . . . . . . . . . . . . . . . . . . Short Circuit 2 | . . . . . . . . . . . . . . . . 1 . . . . 1 . . . . . . . . . Siege Activations 16 | . . . . . . . . . . . . . . 1 2 . . . 1 . 2 . . . 1 . 2 . 1 6 Total Turns 371 | . . . . . . . . . . . . . . 43 41 . . . 31 . 21 . . . 20 . 62 . 14 139 Longest Duration 43 | . . . . . . . . . . . . . . 43 27 . . . 31 . 18 . . . 20 . 37 . 14 40 Martial Activations . | . . . . . . . . . . . . . . . . . . . . . . . . . . . . . . . Shielding Activations . | . . . . . . . . . . . . . . . . . . . . . . . . . . . . . . . Robots Disrupted . | . . . . . . . . . . . . . . . . . . . . . . . . . . . . . . . Combat Hostiles . | . . . . . . . . . . . . . . . . . . . . . . . . . . . . . . . Robots Corrupted 9 | . . . . . . . . . . 3 2 . . . 4 . . . . . . . . . . . . . . . Combat Hostiles 3 | . . . . . . . . . . . . . . . 3 . . . . . . . . . . . . . . . Parts Fried 10 | . . . . . . . . . 1 3 3 . . . 3 . . . . . . . . . . . . . . . Impact Corruptions 17 | . . . . . . . . . 1 5 3 . . . 6 . . . 1 . . . . . . . . . . 1 Robots Melted 7 | . . . . . . . . 1 . . . . . . . . . . . . 1 1 . . . . . . 1 3 Combat Hostiles 7 | . . . . . . . . 1 . . . . . . . . . . . . 1 1 . . . . . . 1 3 Parts Melted 39 | . . 1 . . 1 1 5 7 . . 3 . . 1 6 2 1 . . . . 2 . . . . 1 . . 8 Heat Transferred 25987 | . 1406 481 . . 1517 1442 3739 3053 . 629 864 . . 798 3499 848 407 . 148 . 1048 185 221 . 360 185 1184 . 406 3567 Parts Sabotaged 1 | . . . . . . . . . . . . . . . . . . . 1 . . . . . . . . . . . Parts Stolen 1 | . . . . . . . . . . . . . 1 . . . . . . . . . . . . . . . . . Parts Stripped . | . . . . . . . . . . . . . . . . . . . . . . . . . . . . . . . Power Chain Reactions . | . . . . . . . . . . . . . . . . . . . . . . . . . . . . . . . Alert | -11 -10 -10 -10 -9 -8 -8 -8 -8 -7 -7 -7 -7 -7 -6 -6 -5 -5 -5 -5 -4 -4 -4 -4 -3 -3 -2 -2 -1 -1 -1 ------- Run | Yrd Mat Min Exi Min Mat Gar Mat Gar Fac Gar Fac Low Low Fac Gar Fac Gar Fac Gar Fac Gar Fac Gar Res Gar Res Gar Acc Gar Acc Maximum Alert Level 4 | . . . . . . 3 2 4 3 2 3 . . 1 4 3 3 2 2 1 3 2 4 2 3 2 3 2 3 3 Low Security (%) 32 | 100 100 100 . 100 100 19 40 . . . 59 . . 94 17 . . . . 92 26 . . . . . . . . . Level 1 23 | . . . . . . 29 57 20 . 18 23 . . 5 27 2 21 66 34 7 40 93 4 . . 21 35 44 15 34 Level 2 28 | . . . . . . 29 1 17 93 81 15 . . . 10 82 69 33 65 . 23 6 20 100 33 78 57 55 63 34 Level 3 15 | . . . . . . 21 . 50 7 . 1 . . . 43 14 8 . . . 8 . 58 . 66 . 6 . 21 30 Level 4 1 | . . . . . . . . 11 . . . . . . 1 . . . . . . . 15 . . . . . . . Level 5 . | . . . . . . . . . . . . . . . . . . . . . . . . . . . . . . . High Security . | . . . . . . . . . . . . . . . . . . . . . . . . . . . . . . . Max Security . | . . . . . . . . . . . . . . . . . . . . . . . . . . . . . . . Peak Influence 1307 | . 75 35 . 20 116 855 416 1307 721 486 771 . . 224 1201 771 800 420 636 333 738 411 1180 694 1067 610 800 480 835 818 Initial 686 | . . . . . . . 416 227 686 372 254 . . 224 14 630 267 420 239 333 . 387 182 663 490 600 215 480 288 500 Average 385 | . 12 4 . . 30 449 228 747 632 431 189 . . 64 546 604 546 380 468 76 341 335 868 666 785 458 489 411 563 523 Influence Increases 16444 | . 306 100 . 20 388 905 938 1120 164 114 1146 160 . 212 1387 714 573 2 527 45 945 103 1398 51 927 295 805 90 927 2082 Destroy 0b10 Robot/C 7790 | . 180 80 . 20 260 540 460 620 80 . 520 140 . 80 560 260 240 . 400 20 500 40 580 20 375 90 255 75 465 930 Destroy 0b10 Robot/NC 345 | . 30 . . . 30 . 55 . 15 30 25 . . 5 35 35 . . . . . 5 . . . 12 . . . 68 Destroy Leader 1194 | . 50 10 . . 46 20 164 10 10 . 170 20 . 42 40 50 10 . 40 10 50 12 50 10 30 18 32 8 64 228 Allied During Kill 1233 | . . . . . . 2 1 4 . . 6 . . . 29 10 6 . 7 3 109 11 384 21 142 79 128 7 211 73 Trap Triggered on 0b10 20 | . . . . . . . . . . . 10 . . . . 10 . . . . . . . . . . . . . . Successful Hack 547 | . 35 10 . . 35 14 66 44 38 14 96 . . 28 28 16 14 . . 4 7 27 35 . . 36 . . . . Disable Machine 471 | . . . . . . 15 90 . . . 135 . . 30 . 60 . . . . . . . . 45 12 12 . 12 60 Anti-Garrison Action 2669 | . . . . . . 200 . 250 . 50 . . . . 600 150 250 . 50 . 200 . 300 . 164 . 303 . 152 . Destroy Structure 1644 | . 11 . . . 17 99 42 132 21 20 169 . . 12 80 108 38 2 30 8 49 8 34 . 111 48 15 . 23 567 Lose Combat Pursuer 531 | . . . . . . 15 60 60 . . 15 . . 15 15 15 15 . . . 30 . 15 . 60 . 60 . . 156 Influence Decreases 15692 | . 306 84 16 20 388 50 1443 163 939 160 862 465 109 547 207 1533 155 460 233 681 207 581 478 577 514 1075 292 530 452 2165 Entered New Map 5952 | . . . 16 . . . 439 123 621 160 232 285 89 132 7 571 115 380 103 303 . 351 78 517 164 467 72 320 72 335 Time Decay 4947 | . 306 84 . 20 297 . 684 . 318 . 589 170 20 405 . 482 . 80 . 84 . 230 . 60 . 318 . 130 . 670 Lost Part 607 | . . . . . . 10 . 40 . . 20 10 . 10 40 30 . . 10 . 7 . . . 30 20 20 . 20 340 Lost Ally 2570 | . . . . . . 40 20 . . . 21 . . . 160 150 40 . 120 19 200 . 400 . 320 120 200 80 360 320 Purge Threat 1616 | . . . . . 91 . 300 . . . . . . . . 300 . . . 275 . . . . . 150 . . . 500 Squads Dispatched 54 | . . . . . 4 . 2 . 2 . 13 . . 4 . 6 . . . 1 . 1 . . . 3 . 1 . 17 Investigation 3 | . . . . . 1 . . . . . 1 . . . . 1 . . . . . . . . . . . . . . Extermination 20 | . . . . . . . . . 1 . 6 . . 2 . . . . . 1 . 1 . . . 1 . 1 . 7 Reinforcement 17 | . . . . . . . 2 . 1 . 2 . . 2 . . . . . . . . . . . 2 . . . 8 Assault 11 | . . . . . . . . . . . 4 . . . . 5 . . . . . . . . . . . . . 2 Garrison 3 | . . . . . 3 . . . . . . . . . . . . . . . . . . . . . . . . . Intercept . | . . . . . . . . . . . . . . . . . . . . . . . . . . . . . . . Searches Triggered . | . . . . . . . . . . . . . . . . . . . . . . . . . . . . . . . Construction Impeded . | . . . . . . . . . . . . . . . . . . . . . . . . . . . . . . . Haulers Reinforced 4 | . . . . . . . . . . . . . . . . . . . . . . . . . . . . . . 4 Active Scanning Responses . | . . . . . . . . . . . . . . . . . . . . . . . . . . . . . . . Cargo Convoy Interrupts . | . . . . . . . . . . . . . . . . . . . . . . . . . . . . . . . Stealth | -11 -10 -10 -10 -9 -8 -8 -8 -8 -7 -7 -7 -7 -7 -6 -6 -5 -5 -5 -5 -4 -4 -4 -4 -3 -3 -2 -2 -1 -1 -1 --------- Run | Yrd Mat Min Exi Min Mat Gar Mat Gar Fac Gar Fac Low Low Fac Gar Fac Gar Fac Gar Fac Gar Fac Gar Res Gar Res Gar Acc Gar Acc Distress Signals 26 | . 2 . . 1 . . 10 . . . 2 . . . 4 1 1 . . . . . . 1 . 1 . . . 3 Communications Jammed 208 | . . . . . . . . . . . . . . . . . . . . . . . . . . . . . . 208 Distress Signals 207 | . . . . . . . . . . . . . . . . . . . . . . . . . . . . . . 207 Times Spotted 661 | . 18 4 . . 22 23 42 33 5 . 46 7 1 8 37 29 28 1 24 3 36 3 42 2 43 15 49 4 37 99 Peak Tracking Total 9 | . 4 2 . . 5 4 3 7 4 . 5 7 1 2 6 6 5 1 9 2 9 2 6 2 8 4 8 4 7 7 Tactical Retreats 29 | . . . . . . 1 3 2 . . 1 . . 1 1 1 1 . . . 1 . 1 . 3 . 4 . . 9 Traps | -11 -10 -10 -10 -9 -8 -8 -8 -8 -7 -7 -7 -7 -7 -6 -6 -5 -5 -5 -5 -4 -4 -4 -4 -3 -3 -2 -2 -1 -1 -1 ------- Run | Yrd Mat Min Exi Min Mat Gar Mat Gar Fac Gar Fac Low Low Fac Gar Fac Gar Fac Gar Fac Gar Fac Gar Res Gar Res Gar Acc Gar Acc Traps Triggered 58 | . 1 . . . 2 1 . 2 . . 7 . . 1 7 1 11 2 4 . 1 1 7 . 3 . 2 . 1 4 Indirectly . | . . . . . . . . . . . . . . . . . . . . . . . . . . . . . . . Trap Hack Attempts 46 | . . . . . 15 9 7 . . . . . . . 2 7 . . . . . . . . . 6 . . . . Triggered . | . . . . . . . . . . . . . . . . . . . . . . . . . . . . . . . Disarmed 5 | . . . . . 2 1 2 . . . . . . . . . . . . . . . . . . . . . . . Reprogrammed 2 | . . . . . . . . . . . . . . . . 1 . . . . . . . . . 1 . . . . Reused 1 | . . . . . . . . . . . . . . . . 1 . . . . . . . . . . . . . . Traps Extracted . | . . . . . . . . . . . . . . . . . . . . . . . . . . . . . . . Installed . | . . . . . . . . . . . . . . . . . . . . . . . . . . . . . . . Triggered 2 | . . . . . . . . . . . 1 . . . . 1 . . . . . . . . . . . . . . Objects Rigged 2 | . . . . . . . 2 . . . . . . . . . . . . . . . . . . . . . . . Exploded 1 | . . . . . . . 1 . . . . . . . . . . . . . . . . . . . . . . . Machines | -11 -10 -10 -10 -9 -8 -8 -8 -8 -7 -7 -7 -7 -7 -6 -6 -5 -5 -5 -5 -4 -4 -4 -4 -3 -3 -2 -2 -1 -1 -1 ---------- Run | Yrd Mat Min Exi Min Mat Gar Mat Gar Fac Gar Fac Low Low Fac Gar Fac Gar Fac Gar Fac Gar Fac Gar Res Gar Res Gar Acc Gar Acc Machines Disabled 72 | . 1 . . . . 5 6 4 . 1 9 . . 2 4 5 3 . 1 . 2 . 4 . 7 1 7 . 5 5 Max in Single Turn 4 | . 1 . . . . 2 3 1 . 1 4 . . 1 1 1 1 . 1 . 1 . 1 . 1 . 1 . 1 1 Garrison Access 2 | . . . . . . . . . . . 1 . . . . 1 . . . . . . . . . . . . . . Garrison Relay 35 | . . . . . . 2 . 3 . 1 . . . . 4 . 3 . 1 . 3 . 4 . 4 . 6 . 4 . Machines Repaired . | . . . . . . . . . . . . . . . . . . . . . . . . . . . . . . . Machines Dismantled . | . . . . . . . . . . . . . . . . . . . . . . . . . . . . . . . Machines Sabotaged . | . . . . . . . . . . . . . . . . . . . . . . . . . . . . . . . Overloaded Fab Kills . | . . . . . . . . . . . . . . . . . . . . . . . . . . . . . . . Hacking | -11 -10 -10 -10 -9 -8 -8 -8 -8 -7 -7 -7 -7 -7 -6 -6 -5 -5 -5 -5 -4 -4 -4 -4 -3 -3 -2 -2 -1 -1 -1 --------- Run | Yrd Mat Min Exi Min Mat Gar Mat Gar Fac Gar Fac Low Low Fac Gar Fac Gar Fac Gar Fac Gar Fac Gar Res Gar Res Gar Acc Gar Acc Machines Accessed 109 | . 9 3 1 . 9 2 15 3 4 1 20 . . 5 2 4 1 2 . 4 2 3 5 2 2 6 1 1 2 . Terminals 78 | . 8 2 . . 5 2 9 3 1 1 14 . . 4 2 3 1 1 . 3 2 1 5 1 2 5 1 . 2 . Fabricators 3 | . . . . . . . . . . . 2 . . . . . . . . . . 1 . . . . . . . . Repair Stations 5 | . . . . . 2 . 1 . 1 . 1 . . . . . . . . . . . . . . . . . . . Recycling Units 5 | . 1 . . . . . 2 . 1 . 1 . . . . . . . . . . . . . . . . . . . Scanalyzers 4 | . . . . . 1 . 2 . . . 1 . . . . . . . . . . . . . . . . . . . Garrison Access 12 | . . . . . 1 . 1 . 1 . 1 . . 1 . 1 . 1 . 1 . 1 . 1 . 1 . 1 . . Total Hacks 262 | . 29 8 1 . 26 6 60 6 8 1 43 . . 8 2 6 1 4 . 12 2 6 7 2 2 18 1 1 2 . Successful 147 | . 14 5 1 . 18 1 43 3 5 1 16 . . 3 2 4 1 1 . 8 1 4 3 1 . 10 . 1 1 . Failed 114 | . 14 3 . . 8 5 17 3 3 . 27 . . 5 . 2 . 3 . 4 1 2 4 1 2 8 1 . 1 . Catastrophic 26 | . . 1 . . . 1 1 1 1 . 9 . . 2 . . . . . 1 1 2 1 . 1 2 1 . 1 . Database Lockouts 1 | . 1 . . . . . . . . . . . . . . . . . . . . . . . . . . . . . Manual 136 | . 27 6 1 . 6 3 41 . 2 . 21 . . 7 . 3 . 1 . 2 . 2 . 1 . 13 . . . . Terminals 197 | . 27 7 . . 12 6 41 6 2 1 30 . . 7 2 5 1 3 . 11 2 4 7 1 2 17 1 . 2 . Fabricators 5 | . . . . . . . . . . . 4 . . . . . . . . . . 1 . . . . . . . . Repair Stations 12 | . . . . . 5 . 3 . 2 . 2 . . . . . . . . . . . . . . . . . . . Recycling Units 15 | . 2 . . . . . 7 . 3 . 3 . . . . . . . . . . . . . . . . . . . Scanalyzers 17 | . . . . . 6 . 8 . . . 3 . . . . . . . . . . . . . . . . . . . Garrison Access 14 | . . . . . 3 . 1 . 1 . 1 . . 1 . 1 . 1 . 1 . 1 . 1 . 1 . 1 . . Terminal Hacks 48 | . 2 5 1 . 3 1 9 3 . 1 3 . . . 2 2 1 . . 5 1 2 3 . . 3 . . 1 . Record 2 | . . . . . . . . . . . . . . . . . . . . . . 2 . . . . . . . . Robot Analysis 6 | . 2 2 . . 1 . 1 . . . . . . . . . . . . . . . . . . . . . . . Prototype ID Bank 2 | . . . . . 1 . 1 . . . . . . . . . . . . . . . . . . . . . . . Open Door 4 | . . 1 . . . . . . . . . . . . . . . . . . 1 . 1 . . 1 . . . . Branch Access Points 1 | . . . . . . . 1 . . . . . . . . . . . . . . . . . . . . . . . Emergency Access Points 7 | . . . . . . . 1 1 . . . . . . 1 . 1 . . 1 . . 1 . . . . . 1 . Terminal Index 1 | . . . . . . . . . . . . . . . . . . . . 1 . . . . . . . . . . Unreport Threat 7 | . . . . . 1 . 2 . . . . . . . . 2 . . . 1 . . . . . 1 . . . . Locate Traps 2 | . . . . . . . . . . . 1 . . . . . . . . 1 . . . . . . . . . . Hauler Manifests 3 | . . . . . . . 1 . . . 1 . . . . . . . . 1 . . . . . . . . . . Registered Components 1 | . . . . . . . 1 . . . . . . . . . . . . . . . . . . . . . . . Zone Layout 5 | . . 2 . . . . 1 . . . 1 . . . . . . . . . . . . . . 1 . . . . Garrison Registry 2 | . . . . . . . . . . 1 . . . . . . . . . . . . 1 . . . . . . . Patrol Navigation 3 | . . . . . . 1 . 1 . . . . . . 1 . . . . . . . . . . . . . . . Security Stations 1 | . . . . . . . . 1 . . . . . . . . . . . . . . . . . . . . . . Proto ID Catalog 1 | . . . 1 . . . . . . . . . . . . . . . . . . . . . . . . . . . Fabricator Hacks 1 | . . . . . . . . . . . 1 . . . . . . . . . . . . . . . . . . . Network Status 1 | . . . . . . . . . . . 1 . . . . . . . . . . . . . . . . . . . Repair Station Hacks 8 | . . . . . 4 . 2 . 1 . 1 . . . . . . . . . . . . . . . . . . . Scan Component 6 | . . . . . 3 . 1 . 1 . 1 . . . . . . . . . . . . . . . . . . . Repair 2 | . . . . . 1 . 1 . . . . . . . . . . . . . . . . . . . . . . . Recycling Unit Hacks 3 | . 1 . . . . . . . 2 . . . . . . . . . . . . . . . . . . . . . Process 1 | . . . . . . . . . 1 . . . . . . . . . . . . . . . . . . . . . Retrieve Matter 1 | . . . . . . . . . 1 . . . . . . . . . . . . . . . . . . . . . Retrieve Components 1 | . 1 . . . . . . . . . . . . . . . . . . . . . . . . . . . . . Scanalyzer 12 | . . . . . 6 . 6 . . . . . . . . . . . . . . . . . . . . . . . Insert Component 5 | . . . . . 3 . 2 . . . . . . . . . . . . . . . . . . . . . . . Analyze 7 | . . . . . 3 . 4 . . . . . . . . . . . . . . . . . . . . . . . Garrison Access Hacks 12 | . . . . . 1 . 1 . 1 . 1 . . 1 . 1 . 1 . 1 . 1 . 1 . 1 . 1 . . Unlock Access 12 | . . . . . 1 . 1 . 1 . 1 . . 1 . 1 . 1 . 1 . 1 . 1 . 1 . 1 . . Unauthorized Hacks 63 | . 11 . . . 4 . 25 . 1 . 10 . . 2 . 1 . . . 2 . 1 . . . 6 . . . . Terminals 54 | . 11 . . . 4 . 20 . 1 . 7 . . 2 . 1 . . . 2 . . . . . 6 . . . . Track 4 | . 1 . . . . . 2 . . . . . . . . . . . . 1 . . . . . . . . . . Assimilate 3 | . 1 . . . . . 1 . . . . . . . . 1 . . . . . . . . . . . . . . Botnet 20 | . 2 . . . 2 . 7 . 1 . 2 . . 1 . . . . . 1 . . . . . 4 . . . . Detonate 1 | . . . . . . . 1 . . . . . . . . . . . . . . . . . . . . . . . Disrupt 2 | . 1 . . . . . . . . . . . . . . . . . . . . . . . . 1 . . . . Operators 2 | . 1 . . . . . 1 . . . . . . . . . . . . . . . . . . . . . . . Skim 22 | . 5 . . . 2 . 8 . . . 5 . . 1 . . . . . . . . . . . 1 . . . . Fabricators 2 | . . . . . . . . . . . 1 . . . . . . . . . . 1 . . . . . . . . Liberate 1 | . . . . . . . . . . . 1 . . . . . . . . . . . . . . . . . . . Fabnet 1 | . . . . . . . . . . . . . . . . . . . . . . 1 . . . . . . . . Repair Stations . | . . . . . . . . . . . . . . . . . . . . . . . . . . . . . . . Recycling Units 7 | . . . . . . . 5 . . . 2 . . . . . . . . . . . . . . . . . . . Monitor 2 | . . . . . . . 2 . . . . . . . . . . . . . . . . . . . . . . . Recyclers 3 | . . . . . . . 2 . . . 1 . . . . . . . . . . . . . . . . . . . Mask 2 | . . . . . . . 1 . . . 1 . . . . . . . . . . . . . . . . . . . Scanalyzers . | . . . . . . . . . . . . . . . . . . . . . . . . . . . . . . . Garrison Access . | . . . . . . . . . . . . . . . . . . . . . . . . . . . . . . . Data Cores Recovered 3 | . . . . . 1 . 1 . . . . . . . . . . . . . . . . . . 1 . . . . Used 1 | . . . . . . . 1 . . . . . . . . . . . . . . . . . . . . . . . Hacking Detections 94 | . 9 2 . . 8 2 14 3 3 1 19 . . 5 . 2 1 1 . 4 1 3 4 2 2 5 1 . 2 . Full Trace Events 2 | . . . . . . . 1 . . . 1 . . . . . . . . . . . . . . . . . . . Feedback Events . | . . . . . . . . . . . . . . . . . . . . . . . . . . . . . . . Feedback Blocked . | . . . . . . . . . . . . . . . . . . . . . . . . . . . . . . . Robot Schematics Acquired . | . . . . . . . . . . . . . . . . . . . . . . . . . . . . . . . Robots Built . | . . . . . . . . . . . . . . . . . . . . . . . . . . . . . . . Authchips . | . . . . . . . . . . . . . . . . . . . . . . . . . . . . . . . Time . | . . . . . . . . . . . . . . . . . . . . . . . . . . . . . . . Total Robot Build Rating . | . . . . . . . . . . . . . . . . . . . . . . . . . . . . . . . Part Schematics Acquired 5 | . . . . . 3 . 2 . . . . . . . . . . . . . . . . . . . . . . . Parts Built . | . . . . . . . . . . . . . . . . . . . . . . . . . . . . . . . Authchips . | . . . . . . . . . . . . . . . . . . . . . . . . . . . . . . . Time . | . . . . . . . . . . . . . . . . . . . . . . . . . . . . . . . Total Part Build Rating . | . . . . . . . . . . . . . . . . . . . . . . . . . . . . . . . Parts Repaired 2 | . . . . . 1 . 1 . . . . . . . . . . . . . . . . . . . . . . . Time 48 | . . . . . 26 . 22 . . . . . . . . . . . . . . . . . . . . . . . Parts Recycled . | . . . . . . . . . . . . . . . . . . . . . . . . . . . . . . . Recycled Matter 7 | . . . . . . . . . 7 . . . . . . . . . . . . . . . . . . . . . Retrieved Matter 7 | . . . . . . . . . 7 . . . . . . . . . . . . . . . . . . . . . Retrieved Components 10 | . 10 . . . . . . . . . . . . . . . . . . . . . . . . . . . . . Parts Scanalyzed 5 | . . . . . 3 . 2 . . . . . . . . . . . . . . . . . . . . . . . Part Schematics Acquired 5 | . . . . . 3 . 2 . . . . . . . . . . . . . . . . . . . . . . . Parts Damaged . | . . . . . . . . . . . . . . . . . . . . . . . . . . . . . . . Bothacking | -11 -10 -10 -10 -9 -8 -8 -8 -8 -7 -7 -7 -7 -7 -6 -6 -5 -5 -5 -5 -4 -4 -4 -4 -3 -3 -2 -2 -1 -1 -1 ------------ Run | Yrd Mat Min Exi Min Mat Gar Mat Gar Fac Gar Fac Low Low Fac Gar Fac Gar Fac Gar Fac Gar Fac Gar Res Gar Res Gar Acc Gar Acc Used RIF Installer 13 | . . . . . . 2 . 1 . 1 . . . . 1 . 1 . 2 . 1 . 1 . 1 . 1 . 1 . Code Merge 2 | . . . . . . . . . . . . . . . . . 1 . . . . . 1 . . . . . . . Command Fork 1 | . . . . . . 1 . . . . . . . . . . . . . . . . . . . . . . . . Threat Obfuscator 1 | . . . . . . . . . . . . . . . . . . . . . . . . . 1 . . . . . Signal Jammer 1 | . . . . . . . . . . . . . . . . . . . . . . . . . . . . . 1 . Watcher Feeds 1 | . . . . . . . . . . 1 . . . . . . . . . . . . . . . . . . . . Patrol Navigation 1 | . . . . . . . . 1 . . . . . . . . . . . . . . . . . . . . . . Structural Interface 1 | . . . . . . . . . . . . . . . . . . . 1 . . . . . . . . . . . Program Shield 1 | . . . . . . . . . . . . . . . . . . . 1 . . . . . . . . . . . Autooverride 2 | . . . . . . . . . . . . . . . 1 . . . . . . . . . . . 1 . . . Crosswire 1 | . . . . . . . . . . . . . . . . . . . . . 1 . . . . . . . . . Robots Hacked 200 | . . . . . 1 . . 4 . . 9 . . . 11 7 11 . 7 5 12 3 17 2 19 5 22 5 30 30 Non-combat 21 | . . . . . 1 . . . . . 3 . . . . 1 . . . 1 . 1 . 1 . 3 . 2 . 8 Combat 179 | . . . . . . . . 4 . . 6 . . . 11 6 11 . 7 4 12 2 17 1 19 2 22 3 30 22 Autooverrided 51 | . . . . . . . . . . . . . . . 2 . 2 . 2 3 3 . 2 . 1 . 5 2 14 15 Robot Hacks Applied 167 | . . . . . 1 . . 4 . . 9 . . . 11 7 11 . 5 3 10 3 15 2 20 5 20 3 17 21 parse_system 1 | . . . . . 1 . . . . . . . . . . . . . . . . . . . . . . . . . no_distress 2 | . . . . . . . . . . . . . . . . . . . . . . 1 . . . 1 . . . . drop_inventory 1 | . . . . . . . . . . . . . . . . . . . . . . . . . . . . . . 1 locate_stockpiles 1 | . . . . . . . . . . . . . . . . . . . . . . . . . . . . . . 1 find_recycling 1 | . . . . . . . . . . . . . . . . . . . . . . . . . . . . . . 1 purge_threat 6 | . . . . . . . . . . . . . . . . . . . . 1 . . . . . . . . . 5 reprogram_traps 1 | . . . . . . . . . . . 1 . . . . . . . . . . . . . . . . . . . block_reporting 1 | . . . . . . . . . . . . . . . . . . . . 1 . . . . . . . . . . map_route 11 | . . . . . . . . . . . 2 . . . . 1 . . . . . . . 1 . 2 . 2 . 3 find_garrison 2 | . . . . . . . . . . . . . . . . . . . . . . 1 . 1 . . . . . . tweak_propulsion 1 | . . . . . . . . . . . . . . . . . . . . . 1 . . . . . . . . . scatter_targeting 1 | . . . . . . . . . . . . . . . . . . . . . . . . . 1 . . . . . spike_heat 3 | . . . . . . . . . . . . . . . . . 1 . . . . . . . 1 . . . . 1 overload_power 6 | . . . . . . . . . . . . . . . 2 . 1 . . . . . . . . . . . 1 2 amplify_resonance 18 | . . . . . . . . . . . . . . . . . 3 . 1 . 4 . . . 2 . 5 1 2 . disable_weapons 4 | . . . . . . . . . . . 1 . . . 1 . . . . . . . . . 1 . . . . 1 reboot_system 3 | . . . . . . . . . . . . . . . . 1 . . 1 . . . 1 . . . . . . . overwrite_iff 44 | . . . . . . . . 4 . . 1 . . . 6 2 5 . 1 . 3 . 4 . 10 . 6 . 2 . formatsys_high 58 | . . . . . . . . . . . 4 . . . 2 3 1 . 2 1 2 . 10 . 4 2 9 . 12 6 formatsys_deep 2 | . . . . . . . . . . . . . . . . . . . . . . 1 . . 1 . . . . . Relay Couplers Released 150 | . . . . . . 9 . 13 . 4 2 . . . 17 3 12 . 4 . 11 . 16 . 17 . 26 . 16 . Machine Destruction 150 | . . . . . . 9 . 13 . 4 2 . . . 17 3 12 . 4 . 11 . 16 . 17 . 26 . 16 . Attached 52 | . . . . . . . 1 2 . . 3 . . 1 6 4 6 . 2 1 3 . 7 1 5 1 4 . 2 3 Crosswired 29 | . . . . . . . . . . . . . . . . . . . . . 4 . 5 . 7 . 9 . 4 . Merged Code Value 607 | . . . . . . . . . . . . . . . . . 10 . 24 . 33 . 78 . 105 . 232 . 125 . Fabnet Peak Effective % 3 | . . . . . . . . . . . . . . . . . . . . . . . . 3 3 1 1 . . . Robots Rewired 15 | . . . . . . . . . . . . . . . 1 . . . . . 8 . 6 . . . . . . . Allies Hacked 2 | . . . . . . . . . . . . . . . . . . . 1 . . . . . . . . . . 1 Hacks Repelled . | . . . . . . . . . . . . . . . . . . . . . . . . . . . . . . . Allies | -11 -10 -10 -10 -9 -8 -8 -8 -8 -7 -7 -7 -7 -7 -6 -6 -5 -5 -5 -5 -4 -4 -4 -4 -3 -3 -2 -2 -1 -1 -1 -------- Run | Yrd Mat Min Exi Min Mat Gar Mat Gar Fac Gar Fac Low Low Fac Gar Fac Gar Fac Gar Fac Gar Fac Gar Res Gar Res Gar Acc Gar Acc Total Allies 200 | . 1 . . 2 1 3 1 5 . . 8 . . . 13 7 7 . 5 4 16 1 28 . 24 2 20 2 29 21 Largest Group 8 | . 1 1 . 2 1 2 1 3 . . 2 . . . 3 2 2 1 2 3 5 3 8 6 6 7 5 5 6 6 Highest-Rated Group 439 | . 10 10 . 24 16 32 5 61 . . 64 . . . 148 85 81 49 49 231 358 125 411 359 397 439 306 268 322 322 Highest-Rated Ally 183 | . 10 10 . 16 16 16 5 29 . . 32 . . . 148 85 81 49 49 142 148 49 95 95 95 95 69 64 69 183 Total Orders 24 | . . . . 7 3 8 1 . . . . . . . . 2 . . 1 . 1 . . . . . . . . 1 STAY 2 | . . . . . . . . . . . . . . . . 1 . . 1 . . . . . . . . . . . ROAM 2 | . . . . . . . . . . . . . . . . . . . . . 1 . . . . . . . . 1 FOLLOW 1 | . . . . . . . . . . . . . . . . 1 . . . . . . . . . . . . . . EXPLORE 14 | . . . . 3 3 8 . . . . . . . . . . . . . . . . . . . . . . . . RETURN 5 | . . . . 4 . . 1 . . . . . . . . . . . . . . . . . . . . . . . Ally Attacks 926 | . . . . 5 11 17 5 8 . . 22 . . . 64 32 19 . 14 16 76 8 161 8 110 41 76 18 112 103 Total Damage 29450 | . . . . 42 108 135 18 106 . . 685 . . . 867 956 352 . 410 676 2221 243 5714 261 3889 1568 2710 494 3436 4559 Kills 167 | . . . . 1 . 1 . 2 . . 4 . . . 11 9 4 . 3 1 15 1 28 1 22 9 11 5 21 18 Allies Corrupted 6 | . . . . . . . . . . . 1 . . . 1 . . . . . . . . . 4 . . . . . Allies Melted 3 | . . . . . . . . . . . . . . . . . . . . . 1 . 2 . . . . . . . Intel | -11 -10 -10 -10 -9 -8 -8 -8 -8 -7 -7 -7 -7 -7 -6 -6 -5 -5 -5 -5 -4 -4 -4 -4 -3 -3 -2 -2 -1 -1 -1 ------- Run | Yrd Mat Min Exi Min Mat Gar Mat Gar Fac Gar Fac Low Low Fac Gar Fac Gar Fac Gar Fac Gar Fac Gar Res Gar Res Gar Acc Gar Acc Active Infowar (turns) 5520 | . 154 . . . . . . . . . . . . . . . . . . . . . . . . 577 1262 260 877 2390 Optics 5366 | . . . . . . . . . . . . . . . . . . . . . . . . . . 577 1262 260 877 2390 Terrain 154 | . 154 . . . . . . . . . . . . . . . . . . . . . . . . . . . . . Robot Analysis Total 6 | . 2 2 . . 1 . 1 . . . . . . . . . . . . . . . . . . . . . . . Derelict Logs Recovered 2 | . . 1 . . . . . . . . . 1 . . . . . . . . . . . . . . . . . . Drone Launches 35 | . . . . 7 6 8 3 . . . . . . . . 11 . . . . . . . . . . . . . . Drone Recoveries 31 | . . . . 6 6 8 3 . . . . . . . . 8 . . . . . . . . . . . . . . Exploration | -11 -10 -10 -10 -9 -8 -8 -8 -8 -7 -7 -7 -7 -7 -6 -6 -5 -5 -5 -5 -4 -4 -4 -4 -3 -3 -2 -2 -1 -1 -1 ------------- Run | Yrd Mat Min Exi Min Mat Gar Mat Gar Fac Gar Fac Low Low Fac Gar Fac Gar Fac Gar Fac Gar Fac Gar Res Gar Res Gar Acc Gar Acc Turns Passed 33664 | 116 2191 706 582 403 1386 1519 2734 1325 700 564 3758 340 52 1136 2266 1249 1317 177 800 338 1317 489 1430 134 933 705 1262 260 877 2598 Spaces Moved 15985 | 64 1125 394 242 147 598 822 1314 608 415 212 1871 177 26 418 748 452 483 75 292 211 613 171 736 80 547 433 739 168 475 1329 Core 375 | 2 . . . . . . . . . . . . . . . . . . . . . . . . . . . . . 373 Treads 13528 | 62 1125 394 242 147 581 822 1314 608 415 212 9 . . 418 748 452 483 75 292 211 613 171 736 80 547 433 739 168 475 956 Legs . | . . . . . . . . . . . . . . . . . . . . . . . . . . . . . . . Wheels 2082 | . . . . . 17 . . . . . 1862 177 26 . . . . . . . . . . . . . . . . . Hover . | . . . . . . . . . . . . . . . . . . . . . . . . . . . . . . . Flight . | . . . . . . . . . . . . . . . . . . . . . . . . . . . . . . . Fastest Speed 50 | 50 160 160 240 240 145 160 160 158 158 158 175 175 190 240 240 245 232 232 232 153 153 158 145 145 145 141 145 145 145 50 Average Speed 175 | 156 160 161 240 240 171 160 161 158 158 218 180 188 190 240 240 245 232 232 233 153 177 228 175 145 145 144 145 145 154 130 Slowest Speed 320 | 160 160 240 240 240 240 160 163 163 158 320 240 190 190 240 245 245 320 232 237 153 238 238 238 145 225 145 145 145 156 239 Overloaded Moves . | . . . . . . . . . . . . . . . . . . . . . . . . . . . . . . . Propulsion Burnouts . | . . . . . . . . . . . . . . . . . . . . . . . . . . . . . . . Robots Hopped . | . . . . . . . . . . . . . . . . . . . . . . . . . . . . . . . Potential Cave-ins . | . . . . . . . . . . . . . . . . . . . . . . . . . . . . . . . Cave-ins Triggered . | . . . . . . . . . . . . . . . . . . . . . . . . . . . . . . . Exploration Rate (%) 48 | 5 98 87 61 47 45 67 83 86 15 35 69 43 9 16 91 27 62 4 37 8 74 11 96 8 78 21 93 12 76 42 Regions Visited 30 Branch Regions 5 Pre-discovered Areas 3 | . . 1 . 1 . . . . . . 1 . . . . . . . . . . . . . . . . . . . Known Exits Taken 13 | . . . . . 1 . 1 . 1 . 1 1 . 1 . 1 . 1 . 1 . 1 . 1 . 1 . 1 . . Unknown Exits Taken 6 | 1 1 1 1 1 . . . . . . . . 1 . . . . . . . . . . . . . . . . . Scrap Searched 4 | . . 1 . 1 . . . . . . . 1 1 . . . . . . . . . . . . . . . . . Spaces Dug 103 | . . . . . 3 24 6 1 4 . 25 . . 11 1 5 1 1 4 1 . 1 . . . 3 . . . 12 Terrain Destroyed 820 | . 10 . . . 16 74 42 49 22 . 177 10 . 12 49 61 14 1 10 1 11 3 4 . 31 7 5 . 5 206 Melee 51 | . . . . . 3 . . 1 4 . 25 . . 11 1 5 . . 1 . . . . . . . . . . . Projectile 185 | . . . . . . 1 21 1 . . 1 . . 1 1 27 14 1 9 1 11 3 4 . 1 7 5 . 5 71 AOE 584 | . 10 . . . 13 73 21 47 18 . 151 10 . . 47 29 . . . . . . . . 30 . . . . 135 Terrain Rammed . | . . . . . . . . . . . . . . . . . . . . . . . . . . . . . . . Walls Destroyed . | . . . . . . . . . . . . . . . . . . . . . . . . . . . . . . . Machines Disabled . | . . . . . . . . . . . . . . . . . . . . . . . . . . . . . . . Actions | -11 -10 -10 -10 -9 -8 -8 -8 -8 -7 -7 -7 -7 -7 -6 -6 -5 -5 -5 -5 -4 -4 -4 -4 -3 -3 -2 -2 -1 -1 -1 --------- Run | Yrd Mat Min Exi Min Mat Gar Mat Gar Fac Gar Fac Low Low Fac Gar Fac Gar Fac Gar Fac Gar Fac Gar Res Gar Res Gar Acc Gar Acc Total 19935 | 78 1416 441 247 198 896 949 1775 808 445 285 2134 181 27 500 1077 573 617 77 383 225 781 259 851 97 647 493 879 184 573 1839 Wait 1708 | . 205 15 . 51 184 52 305 72 2 19 92 1 . 21 109 55 22 . 35 3 55 67 12 6 41 2 47 9 41 185 Move 15944 | 63 1124 393 241 146 597 820 1313 606 414 210 1870 176 25 417 746 451 481 74 290 210 611 170 734 79 545 432 737 167 473 1329 Hop . | . . . . . . . . . . . . . . . . . . . . . . . . . . . . . . . Pick Up 205 | 7 17 3 2 . 16 5 9 10 2 9 13 . 1 4 24 8 14 . 6 2 10 2 12 2 6 4 6 1 . 10 Fast Attach 125 | 5 3 3 . . 6 2 7 . 3 5 6 . . 3 10 2 6 2 2 . 4 2 9 . 3 14 1 1 1 25 Attach 86 | . . 1 . . 6 3 2 5 2 . 5 2 . 5 6 8 2 . 5 3 4 . 1 2 3 2 2 . 4 13 Detach 44 | . . . . . 2 1 5 . . 2 6 . . 6 2 3 2 . 1 1 2 . 3 . 1 2 1 . . 4 Swap 164 | 1 4 4 . 1 11 9 20 14 5 . 21 . . 1 14 12 6 . 4 1 7 4 12 . 1 1 3 . . 8 Drop 214 | 2 10 9 4 . 21 6 21 6 6 10 15 . . 2 25 5 14 . 4 1 7 5 20 2 1 10 4 . . 4 Fire 1201 | . 53 13 . . 34 41 84 88 6 24 64 2 . 27 110 16 57 1 24 4 47 9 34 6 45 19 77 6 54 256 Melee 135 | . . . . . 4 1 2 7 5 6 33 . 1 12 14 6 . . 4 . 32 . 7 . . 1 . . . . Ram 3 | . . . . . . . . . . . . . . . . . . . . . . . . . . . . . . 3 Kick . | . . . . . . . . . . . . . . . . . . . . . . . . . . . . . . . Crush 2 | . . . . . . . . . . . . . . . . . . . . . . . . . . . . . . 2 Escape Stasis 53 | . . . . . . . . . . . 8 . . 2 14 . 13 . 8 . 1 . 6 . 1 . . . . . Rewire 5 | . . . . . . . . . . . 1 . . . 1 . . . . . 1 . 1 . . . 1 . . . Trap 46 | . . . . . 15 9 7 . . . . . . . 2 7 . . . . . . . . . 6 . . . . Miscellaneous . | . . . . . . . . . . . . . . . . . . . . . . . . . . . . . . . Route ------- -11/Scrapyard -10/Materials (discovered 5 exits: *Mat x3 / *Min / [*Sub]) -10/Mines (discovered 3 exits: *Mat x2 / *Exi) -10/Exiles (discovered 2 exits: [*Min x2]) -9/Mines -8/Materials (discovered 2 exits: *Fac / Gar) -8/Garrison (discovered 3 exits: *Mat x3) -8/Materials (discovered 4 exits: *Fac x3 / Gar) -8/Garrison (discovered 2 exits: *Fac x2) -7/Factory (discovered 2 exits: Low / Gar) -7/Garrison (discovered 4 exits: *Fac x4) -7/Factory (discovered 4 exits: *Fac x2 / *Low x2) -7/Lower Caves -7/Lower Caves -6/Factory -6/Garrison (discovered 3 exits: *Fac x3) -5/Factory (discovered 2 exits: [*Upp] / Gar) -5/Garrison (discovered 3 exits: *Fac x3) -5/Factory -5/Garrison -4/Factory -4/Garrison (discovered 2 exits: *Fac x2) -4/Factory -4/Garrison (discovered 3 exits: *Res x3) -3/Research -3/Garrison (discovered 2 exits: *Res x2) -2/Research (discovered 4 exits: *Acc / [*Qua x2] / Gar) -2/Garrison (discovered 3 exits: *Acc x3) -1/Access -1/Garrison (discovered 3 exits: [*Acc x3]) -1/Access History --------- Turn | Location | Event 10 | -11/Scrapyard | Discovered new exit (range 16) 117 | -11/Scrapyard | Entered Materials 302 | -10/Materials | Build established: Mutant 380 | -10/Materials | Discovered new exit (range 16) 598 | -10/Materials | Discovered new exit (range 16) 1133 | -10/Materials | Discovered new exit (range 16) 1506 | -10/Materials | Discovered new exit (range 9) 1548 | -10/Materials | Discovered new exit (range 16) 1609 | -10/Materials | Central database locked down 1907 | -10/Materials | Learned Storage emergency access door positions 2047 | -10/Materials | Learned 2 Storage zone layouts 2099 | -10/Materials | Learned location of 1 exit from Recycling 2143 | -10/Materials | Identified exit to Materials 2176 | -10/Materials | Learned location of 2 exits from Subcaves 2219 | -10/Materials | Learned Storage emergency access door positions 2271 | -10/Materials | Learned 2 Materials zone layouts 2308 | -10/Materials | Entered Mines 2308 | -10/Mines | Accompanied by 1 ally 2315 | -10/Mines | Received a Rocket Launcher from a helpful Derelict 2344 | -10/Mines | Discovered exit to Materials (range 11) 2618 | -10/Mines | Learned location of Storage (-9) 2720 | -10/Mines | Found the Drone Emporium 2729 | -10/Mines | Found Prototype Device 2729 | -10/Mines | Identified Splice Drone Bay 2806 | -10/Mines | A weapon hastily lodged in a ceiling crevice suddenly fell to the ground 2917 | -10/Mines | Discovered exit to Materials (range 5) 2984 | -10/Mines | Deemed a non-threat by the Exiles lab entrance 3004 | -10/Mines | Discovered new exit (range 5) 3014 | -10/Mines | Entered Exiles 3046 | -10/Exiles | Discovered new exit (range 15) 3074 | -10/Exiles | Met 8R-AWN 3115 | -10/Exiles | Met EX-HEX 3182 | -10/Exiles | Met EX-BIN 3221 | -10/Exiles | Aligned with FarCom system 3223 | -10/Exiles | Given EX-Vault access code 3266 | -10/Exiles | Build established: Scavenger-Mutant 3278 | -10/Exiles | Opened EX-Vault 3299 | -10/Exiles | Found AWS/Autocannon 3348 | -10/Exiles | Warned to stay clear of 0b10 Research branches 3415 | -10/Exiles | Met EX-DEC 3574 | -10/Exiles | Discovered new exit (range 11) 3596 | -10/Exiles | Left Exiles lab with AWS/Autocannon 3596 | -10/Exiles | Entered Mines 3628 | -9/Mines | Discovered new exit (range 52) 3711 | -9/Mines | Assembled infested the area 3716 | -9/Mines | Assisted by a Guerilla fighting off Assembled 3999 | -9/Mines | Entered Materials 3999 | -8/Materials | Evolved 4 slots: Propulsion x1, Utility x2, Weapon x1 4000 | -8/Materials | Identified exit to Factory 4498 | -8/Materials | Repaired Lgt. Treads 4603 | -8/Materials | Identified exit to Garrison 4814 | -8/Materials | Garrison activated, responded to threat 5385 | -8/Materials | Entered Garrison 5547 | -8/Garrison | Triggered checkpoint 5610 | -8/Garrison | Discovered new exit (range 8) 5665 | -8/Garrison | Triggered checkpoint 5689 | -8/Garrison | Build established: Scavenger-Skirmisher 5767 | -8/Garrison | Triggered checkpoint 5869 | -8/Garrison | Triggered checkpoint 5905 | -8/Garrison | Discovered new exit (range 13) 6001 | -8/Garrison | Triggered checkpoint 6154 | -8/Garrison | Discovered new exit (range 14) 6271 | -8/Garrison | Triggered checkpoint 6339 | -8/Garrison | Garrison Relay disabled 6523 | -8/Garrison | Triggered checkpoint 6615 | -8/Garrison | Garrison Relay disabled 6685 | -8/Garrison | Installed Relay Interface Framework 6829 | -8/Garrison | Expanded RIF knowledge: Command Fork 6904 | -8/Garrison | Entered Materials 6980 | -8/Materials | Build established: Scavenger-Mutant 7785 | -8/Materials | Build established: Skirmisher 8013 | -8/Materials | Repaired Imp. Cooling System 8386 | -8/Materials | Identified exit to Garrison 9073 | -8/Materials | Learned 2 Lower Caves zone layouts 9085 | -8/Materials | Discovered exit to Factory (range 16) 9132 | -8/Materials | Learned location of 1 exit from Lower Caves 9145 | -8/Materials | Learned 4 Lower Caves zone layouts 9638 | -8/Materials | Entered Garrison 9700 | -8/Garrison | Triggered checkpoint 9874 | -8/Garrison | Garrison Relay disabled 9906 | -8/Garrison | Garrison Relay disabled 9944 | -8/Garrison | Expanded RIF knowledge: Patrol Navigation 10060 | -8/Garrison | Triggered checkpoint 10064 | -8/Garrison | Triggered checkpoint 10117 | -8/Garrison | Destroyed 7 combat bots 10144 | -8/Garrison | Triggered checkpoint 10318 | -8/Garrison | Triggered checkpoint 10362 | -8/Garrison | Core integrity fell below 50% 10371 | -8/Garrison | Learned Factory security intel 10672 | -8/Garrison | Triggered checkpoint 10765 | -8/Garrison | Build established: Bothacker-Skirmisher 10792 | -8/Garrison | Garrison Relay disabled 10812 | -8/Garrison | Triggered checkpoint 10963 | -8/Garrison | Entered Factory 10963 | -7/Factory | Evolved 2 slots: Utility x2 10964 | -7/Factory | Identified exit to Lower Caves 11297 | -7/Factory | Build established: Bothacker-Gunner 11410 | -7/Factory | Identified exit to Garrison 11648 | -7/Factory | Build established: Bothacker-Mutant 11663 | -7/Factory | Entered Garrison 11708 | -7/Garrison | Discovered new exit (range 70) 11708 | -7/Garrison | Discovered new exit (range 79) 11708 | -7/Garrison | Discovered new exit (range 49) 11708 | -7/Garrison | Discovered new exit (range 24) 11897 | -7/Garrison | Triggered checkpoint 12041 | -7/Garrison | Garrison Relay disabled 12184 | -7/Garrison | Expanded RIF knowledge: Watcher Feeds 12227 | -7/Garrison | Entered Factory 12481 | -7/Factory | Build established: Botlord-Mutant 12703 | -7/Factory | Identified exit to Garrison 14026 | -7/Factory | Discovered new exit (range 15) 14668 | -7/Factory | Learned location of 2 exits from Archives 14738 | -7/Factory | Learned Extension emergency access door positions 14799 | -7/Factory | Learned location of 1 exit from Upper Caves 14848 | -7/Factory | Loaded intel: 26 terminal locations 14889 | -7/Factory | Learned location of 2 exits from Proximity Caves 15004 | -7/Factory | Learned location of Warlord (-5) 15071 | -7/Factory | Build established: Bothacker-Mutant 15427 | -7/Factory | First assault squad dispatched 15498 | -7/Factory | Allied Derelicts emerged from ambush trap array 15580 | -7/Factory | Discovered new exit (range 25) 15985 | -7/Factory | Entered Lower Caves 15986 | -7/Lower Caves | Identified exit to Lower Caves 16159 | -7/Lower Caves | Learned 8 Factory zone layouts 16292 | -7/Lower Caves | Destroyed 7 combat bots 16325 | -7/Lower Caves | Entered another Lower Caves area 16362 | -7/Lower Caves | Discovered new exit (range 9) 16377 | -7/Lower Caves | Entered Factory 16377 | -6/Factory | Evolved 2 slots: Propulsion x1, Utility x1 17511 | -6/Factory | Identified exit to Garrison 17513 | -6/Factory | Entered Garrison 17535 | -6/Garrison | Expanded RIF knowledge: Autooverride 17611 | -6/Garrison | Triggered checkpoint 17645 | -6/Garrison | Garrison Relay disabled 17739 | -6/Garrison | Spotted B-75 Beast 17743 | -6/Garrison | Triggered checkpoint 17750 | -6/Garrison | Destroyed B-75 Beast 17966 | -6/Garrison | Discovered new exit (range 12) 18127 | -6/Garrison | Triggered checkpoint 18179 | -6/Garrison | Build established: Botlord-Mutant 18398 | -6/Garrison | Garrison Relay disabled 18544 | -6/Garrison | Triggered checkpoint 18603 | -6/Garrison | Triggered checkpoint 18811 | -6/Garrison | Spotted Executioner 18830 | -6/Garrison | Discovered new exit (range 5) 18873 | -6/Garrison | Triggered checkpoint 18994 | -6/Garrison | Garrison Relay disabled 19228 | -6/Garrison | Lost 4 allies 19324 | -6/Garrison | Discovered new exit (range 12) 19335 | -6/Garrison | Triggered checkpoint 19400 | -6/Garrison | Garrison Relay disabled 19476 | -6/Garrison | Spotted B-75 Beast 19483 | -6/Garrison | Spotted B-75 Beast 19529 | -6/Garrison | Destroyed B-75 Beast 19597 | -6/Garrison | Rewired B-90 Cyclops 19603 | -6/Garrison | Allies destroyed B-75 Beast 19779 | -6/Garrison | Entered Factory 19779 | -5/Factory | Evolved 2 slots: Utility x1, Weapon x1 20055 | -5/Factory | Discovered new exit (range 8) 20142 | -5/Factory | Build established: Botlord-Tank 20227 | -5/Factory | Spotted B-75 Beast 20232 | -5/Factory | Assimilated Beast 6a with formatsys_high 20939 | -5/Factory | Lost 3 allies 20979 | -5/Factory | First assault squad dispatched 21026 | -5/Factory | Identified exit to Garrison 21028 | -5/Factory | Entered Garrison 21044 | -5/Garrison | Triggered checkpoint 21151 | -5/Garrison | Spotted B-75 Beast 21157 | -5/Garrison | Destroyed B-75 Beast 21309 | -5/Garrison | Garrison Relay disabled 21340 | -5/Garrison | Triggered checkpoint 21368 | -5/Garrison | Discovered new exit (range 5) 21465 | -5/Garrison | Spotted B-75 Beast 21478 | -5/Garrison | Triggered checkpoint 21499 | -5/Garrison | Destroyed B-75 Beast 21626 | -5/Garrison | Spotted B-90 Cyclops 21644 | -5/Garrison | Discovered new exit (range 10) 21696 | -5/Garrison | Triggered checkpoint 21779 | -5/Garrison | Expanded RIF knowledge: Code Merge 21818 | -5/Garrison | Garrison Relay disabled 21978 | -5/Garrison | Triggered checkpoint 22002 | -5/Garrison | Triggered checkpoint 22108 | -5/Garrison | Discovered new exit (range 13) 22248 | -5/Garrison | Triggered checkpoint 22263 | -5/Garrison | Garrison Relay disabled 22345 | -5/Garrison | Entered Factory 22345 | -5/Factory | Accompanied by 1 ally 22520 | -5/Factory | Identified exit to Garrison 22522 | -5/Factory | Entered Garrison 22522 | -5/Garrison | Accompanied by 1 ally 22690 | -5/Garrison | Lost 5 allies 22714 | -5/Garrison | Destroyed 7 combat bots 22743 | -5/Garrison | Expanded RIF knowledge: Program Shield 22830 | -5/Garrison | Triggered checkpoint 22916 | -5/Garrison | Discovered new exit (range 10) 22982 | -5/Garrison | Expanded RIF knowledge: Structural Interface 23160 | -5/Garrison | Triggered checkpoint 23197 | -5/Garrison | Garrison Relay disabled 23322 | -5/Garrison | Entered Factory 23322 | -4/Factory | Evolved 2 slots: Propulsion x2 23659 | -4/Factory | Identified exit to Garrison 23660 | -4/Factory | Entered Garrison 23755 | -4/Garrison | Spotted B-86 Titan 23778 | -4/Garrison | Destroyed B-86 Titan 23802 | -4/Garrison | Lost 4 parts (3u1w) 23842 | -4/Garrison | Rewired B-75 Beast 23863 | -4/Garrison | Rewired B-90 Cyclops 23915 | -4/Garrison | Garrison Relay disabled 24004 | -4/Garrison | Triggered checkpoint 24005 | -4/Garrison | Spotted B-86 Titan 24006 | -4/Garrison | Triggered checkpoint 24008 | -4/Garrison | Triggered checkpoint 24085 | -4/Garrison | Lost 10 allies 24181 | -4/Garrison | Spotted B-86 Titan 24208 | -4/Garrison | Discovered new exit (range 10) 24278 | -4/Garrison | Triggered checkpoint 24312 | -4/Garrison | Triggered checkpoint 24312 | -4/Garrison | Garrison Relay disabled 24551 | -4/Garrison | Discovered new exit (range 11) 24767 | -4/Garrison | Expanded RIF knowledge: Crosswire 24800 | -4/Garrison | Triggered checkpoint 24836 | -4/Garrison | Garrison Relay disabled 24977 | -4/Garrison | Entered Factory 24977 | -4/Factory | Accompanied by 2 allies 25193 | -4/Factory | Assimilated ARC 7a with formatsys_deep 25458 | -4/Factory | Identified exit to Garrison 25466 | -4/Factory | Entered Garrison 25466 | -4/Garrison | Accompanied by 3 allies 25468 | -4/Garrison | Triggered checkpoint 25545 | -4/Garrison | Found Relay Coupler [Proto] 25548 | -4/Garrison | Found Relay Coupler [Proto] 25551 | -4/Garrison | Found Relay Coupler [Proto] 25557 | -4/Garrison | Found Relay Coupler [Proto] 25591 | -4/Garrison | Lost 3 allies 25712 | -4/Garrison | Triggered checkpoint 25723 | -4/Garrison | Garrison Relay disabled 25825 | -4/Garrison | Triggered checkpoint 25845 | -4/Garrison | Triggered checkpoint 25889 | -4/Garrison | Lost 6 allies 25890 | -4/Garrison | Triggered checkpoint 25904 | -4/Garrison | Triggered checkpoint 25936 | -4/Garrison | Lost 3 allies 25986 | -4/Garrison | Discovered new exit (range 15) 26070 | -4/Garrison | Triggered checkpoint 26113 | -4/Garrison | Garrison Relay disabled 26159 | -4/Garrison | Found embedded Infiltrators 26364 | -4/Garrison | Spotted B-86 Titan 26378 | -4/Garrison | Allies destroyed B-86 Titan 26426 | -4/Garrison | Garrison Relay disabled 26454 | -4/Garrison | Discovered new exit (range 8) 26516 | -4/Garrison | Triggered checkpoint 26567 | -4/Garrison | Lost 3 allies 26622 | -4/Garrison | Spotted B-86 Titan 26637 | -4/Garrison | Discovered new exit (range 6) 26664 | -4/Garrison | Triggered checkpoint 26692 | -4/Garrison | Lost 4 allies 26757 | -4/Garrison | Expanded RIF knowledge: Code Merge 26780 | -4/Garrison | Found Adv. Powered Armor 26784 | -4/Garrison | Found Adv. Powered Armor 26790 | -4/Garrison | Found Adv. Powered Armor 26797 | -4/Garrison | Discovered new exit (range 16) 26797 | -4/Garrison | Discovered new exit (range 78) 26797 | -4/Garrison | Discovered new exit (range 52) 26815 | -4/Garrison | Garrison Relay disabled 26836 | -4/Garrison | Found Adv. Powered Armor 26896 | -4/Garrison | Entered Research 26896 | -3/Research | Accompanied by 6 allies 26896 | -3/Research | Evolved 2 slots: Utility x2 27022 | -3/Research | Identified exit to Garrison 27030 | -3/Research | Entered Garrison 27030 | -3/Garrison | Accompanied by 6 allies 27122 | -3/Garrison | Lost 3 allies 27147 | -3/Garrison | Rescued a captive Derelict 27180 | -3/Garrison | Triggered checkpoint 27180 | -3/Garrison | Assimilated ARC 8a with formatsys_deep 27194 | -3/Garrison | Garrison Relay disabled 27316 | -3/Garrison | Spotted B-86 Titan 27317 | -3/Garrison | Triggered checkpoint 27317 | -3/Garrison | Triggered checkpoint 27319 | -3/Garrison | Triggered checkpoint 27343 | -3/Garrison | Allies destroyed B-86 Titan 27386 | -3/Garrison | Triggered checkpoint 27433 | -3/Garrison | Expanded RIF knowledge: Threat Obfuscation 27439 | -3/Garrison | Lost 17 allies 27553 | -3/Garrison | Found embedded Infiltrators 27560 | -3/Garrison | Discovered new exit (range 10) 27566 | -3/Garrison | Triggered checkpoint 27578 | -3/Garrison | Garrison Relay disabled 27774 | -3/Garrison | Discovered new exit (range 12) 27836 | -3/Garrison | Triggered checkpoint 27838 | -3/Garrison | Garrison Relay disabled 27874 | -3/Garrison | Garrison Relay disabled 27963 | -3/Garrison | Entered Research 27963 | -2/Research | Accompanied by 5 allies 27963 | -2/Research | Evolved 2 slots: Utility x2 28091 | -2/Research | Found Prototype Processor 28091 | -2/Research | Identified Spectral Analyzer 28133 | -2/Research | Discovered new exit (range 15) 28298 | -2/Research | Discovered new exit (range 8) 28475 | -2/Research | Found Prototype Launcher 28475 | -2/Research | Identified Adv. Micro-nuke Launcher 28583 | -2/Research | Discovered new exit (range 23) 28587 | -2/Research | Lost 3 allies 28666 | -2/Research | Identified exit to Garrison 28668 | -2/Research | Entered Garrison 28689 | -2/Garrison | Lost 3 allies 28726 | -2/Garrison | Garrison Relay disabled 28750 | -2/Garrison | Triggered checkpoint 28778 | -2/Garrison | Garrison Relay disabled 28907 | -2/Garrison | Spotted B-90 Cyclops 28940 | -2/Garrison | Lost 4 allies 28956 | -2/Garrison | Allies destroyed B-90 Cyclops 28975 | -2/Garrison | Triggered checkpoint 29101 | -2/Garrison | Discovered new exit (range 12) 29112 | -2/Garrison | Triggered checkpoint 29120 | -2/Garrison | Garrison Relay disabled 29207 | -2/Garrison | Spotted B-90 Cyclops 29225 | -2/Garrison | Allies destroyed B-90 Cyclops 29255 | -2/Garrison | Found Relay Coupler [Proto] 29334 | -2/Garrison | Triggered checkpoint 29464 | -2/Garrison | Garrison Relay disabled 29555 | -2/Garrison | Discovered new exit (range 5) 29576 | -2/Garrison | Triggered checkpoint 29590 | -2/Garrison | Garrison Relay disabled 29778 | -2/Garrison | Triggered checkpoint 29832 | -2/Garrison | Expanded RIF knowledge: Autooverride 29849 | -2/Garrison | Garrison Relay disabled 29912 | -2/Garrison | Discovered new exit (range 10) 29930 | -2/Garrison | Entered Access 29930 | -1/Access | Accompanied by 4 allies 29930 | -1/Access | Evolved 2 slots: Utility x1, Weapon x1 30144 | -1/Access | Lost 3 allies 30147 | -1/Access | Identified exit to Garrison 30190 | -1/Access | Entered Garrison 30190 | -1/Garrison | Accompanied by 2 allies 30222 | -1/Garrison | Triggered checkpoint 30244 | -1/Garrison | Expanded RIF knowledge: Signal Jamming 30281 | -1/Garrison | Lost 4 allies 30283 | -1/Garrison | Triggered checkpoint 30284 | -1/Garrison | Triggered checkpoint 30285 | -1/Garrison | Triggered checkpoint 30299 | -1/Garrison | Spotted B-99 Colossus 30323 | -1/Garrison | Allies destroyed B-99 Colossus 30365 | -1/Garrison | Lost 10 allies 30414 | -1/Garrison | Triggered checkpoint 30420 | -1/Garrison | Discovered new exit (range 14) 30474 | -1/Garrison | Triggered checkpoint 30478 | -1/Garrison | Garrison Relay disabled 30587 | -1/Garrison | Triggered checkpoint 30624 | -1/Garrison | Discovered new exit (range 22) 30632 | -1/Garrison | Lost 4 allies 30694 | -1/Garrison | Triggered checkpoint 30709 | -1/Garrison | Garrison Relay disabled 30836 | -1/Garrison | Spotted B-99 Colossus 30839 | -1/Garrison | Spotted B-99 Colossus 30882 | -1/Garrison | Triggered checkpoint 30918 | -1/Garrison | Garrison Relay disabled 30940 | -1/Garrison | Garrison Relay disabled 30998 | -1/Garrison | Discovered new exit (range 2) 31067 | -1/Garrison | Entered Access 31067 | -1/Access | Accompanied by 5 allies 31161 | -1/Access | Lost 4 allies 31355 | -1/Access | Lost 3 parts (1n2w) 31468 | -1/Access | Lost 3 allies 31567 | -1/Access | First assault squad dispatched 31816 | -1/Access | Spotted B-99 Colossus 32375 | -1/Access | Found Fusion Bomb Launcher 32591 | -1/Access | System corruption reached 10% 32783 | -1/Access | Lost 9 parts (1p4u4w) 33089 | -1/Access | Build established: Botlord-Gunner 33175 | -1/Access | Lost 3 parts (1p1u1w) 33457 | -1/Access | Released all parts (10) 33473 | -1/Access | Core integrity fell below 50% 33488 | -1/Access | Lost 9 parts (2n3u4w) 33500 | -1/Access | System corruption reached 30% 33593 | -1/Access | Core integrity fell below 20% 33665 | -1/Access | Destroyed by S-43 Plague with Heavy Machine Gun Last Messages --------------- 33566_ Identified Adv. Actuator Array. 33571_ Acquired Tesla Rifle. 33575_ Slammed into P-80 Master. 33575_ Tesla Rifle broken. 33575_ Destabilizing: Short circuit. 33578_ AAKDOM%3WFMN#NW DHEGBK51H3VVIUW 33589_ Broken Tesla Rifle destroyed. 33589_ Penetrated by Slug. 33589_ Slug penetrates Wall. 33592_ Penetrated by Slug. 33592_ Slug penetrates Wall. 33596_ System corrupted: Heat flow error (+225). 33601_ Slug penetrates Wall. 33609_ Drone sends a signal. 33613_ System corrupted: Heat flow error (+265). 33617_ W-44 Eye sends out distress signal. 33629_ System corrupted: Matter fused (-10). 33630_ Detecting nearby Garrison Access. 33652_ RIF reveals location of hidden door. [Achievement: 50k Club] Map ----- +----------------------------------------------------+ | ?????????????????????????????????????????????????? | | ?????????????????????????????????????????????????? | | ?????????????????????????????????????????????????? | | ?????????????????????????????????????????????????? | | ?????????????????????????????????????????????????? | | ?????????????????????????????????????????????????? | | ?????????????????????????????????????????????????? | | ?????????????????????????????????????????????????? | | ?????????????????????????????????????????????????? | | ?????????????????????????????????????????????????? | | ?????????????????????????????????????????????????? | | ?????????????????????????????????????????????????? | | ?????????????????????????????????????????????????? | | ?????????????????????????????????????????????????? | | ###??????????????????????????????????????????????? | | ??????????????????????????????????????????????? | | ??????????????????????????????????????????????? | | ??????????????????????????????????????????????? | | ??????????????????????????????????????????????? | | ??#######?????????????????????????????????????? | | #?# #????##############???????????????????? | | #?# #????# ] #???????????????????? | | #?# #????# s #???????????????????? | | #?# #????# ss #???????????????????? | | #?# #????# "" #???????????????????? | | #?# #????# "" @ #???????????????????? | | #?# #????# "" #???????????????????? | | ### #????# "Y " +???????????????????? | | / #????# "" """ #???????????????????? | | ### ###### "" """ #???????????????????? | | #?# / p + "" " #???????????????????? | | ### ###### #???????????????????? | | ####+###????# #???????????????????? | | ### #?????##############???????????????????? | | " ???????????????????????????????????? | | ### #??????????????????????????????????????? | | #?????#??????????????????????????????????????? | | #####????????????????????????????????????????????? | | #######??????????????????????????????????????????? | | ??????????????????????????????????????????? | | ?????????????????????????????????????????? | | ?????????????????????????????????????????? | | ?????????????????????????????????????????? | | ?????????????????????????????????????????? | | ???????????????????????????????????????????? | | ?? ????????????????????????????????????????????? | | ??? ?????????????????????????????????????????????? | | ????""???????????????????????????????????????????? | | ??? G???????????????????????????????????????????? | | ?? """ ??????????????????????????????????????????? | +----------------------------------------------------+ Best States ------------- Heat Dissipation 90 Energy Generation 29 Energy Capacity 350 Matter Stores 300 Matter Capacity 300 Sight Range 24 Terrain Scan Range 14 Terrain Scan Density 110 Base Temperature (-) 150 Armor Coverage 1600 Resistance: KI 30 Resistance: TH 15 Propulsion Shielding 66 Point Defense Rating 240 Evasion (%) 50 Targeting Accuracy 14 Melee Accuracy 8 Launcher Accuracy 20 Target Analysis 12 Core Analysis 6 Armor Integrity Analysis 40 Recoil Reduction 6 Defensive Hacking 22 Relay Coupler Types 9 Relay Coupler Value 270 Authchip Count 1 Item Schematics ----------------- Hvy. Particle Gun | -8/Materials | Scanalyzed Hrd. Medium Armor Plating | -8/Materials | Scanalyzed Enh. Autogun | -8/Materials | Scanalyzed Impact Mace | -8/Materials | Scanalyzed Imp. Medium Armor Plating | -8/Materials | Scanalyzed Robot Schematics ------------------ None Fabricated ------------ Nothing Repaired ---------- Lgt. Treads | 65% | -8/Materials Imp. Cooling System | 74% | -8/Materials Alien Tech Used ----------------- None Achievements -------------- 50k Club Beloved Factory Defaults Giant Slayer Pwned Challenges ------------ None Game ------ Seed TargetingWarpPurifier Manual? 0 Play Time 07:30:48 Cumulative 184.8 hours Start 2025.08.12 @ 07:55:11 End 2025.08.14 @ 17:48:00 Sessions 3 Manual Loads 0 Difficulty Rogue Special Mode None Game No. 69 Rogue 69 Adventurer 0 Explorer 0 Win Type - Total 2 Types 2/0/0/0/0/0/0/0/0/0 Lore% 42 Gallery% 58 Achievement% 55 Wizard Run 0 Options --------- Layout 1 ASCII 0 Keyboard 1 Movement Numpad Keybinds 0 Fullscreen 1 Font 32/SmallcapsGlow Map View 50x35 Zoom Use 0% Tactical HUD 1 Map Filters NONE Filters NONE Steam 1 RUN: 4066551d-021c-43cd-9ad2-a0c8b6f2b62a